Workbook
Name consumptionMap: Lists!$B$17:$C$19
Name demoDataRows: demographicData!$1:$1
Name demoDataTable: demographicData!$A:$G
Name demoMap: Lists!$B$5:$C$8
Name rawDataTable: energyData!$1:$1048576
Name rawDataTableRows: energyData!$1:$1
Name region: Lists!$E$5:$E$94
Name SelectedAllianceList: Lists!$K$5:$K$12
Name selectedAlliances: Lists!$N$5
Name selectedRegions: Lists!$I$5
Name SelectedRegionsList: Lists!$G$5:$G$83
Name systemMap: Lists!$B$11:$C$14

Sheet Menu
B1: solar rates program business case model v1
B2: menu | D2: market size | F2: model
T6: solar rates program
B7: menu | J7: > market sizing model to scope the potential size of a program by local government area | T7: solar
B8: this model is presented in two parts described to the right // click on either to get started and move around using the navigation menu at the top of this page this model is designed to provide indicative results and should not be used as the sole basis for the design or business case of a solar rates program.
J11: \\ program design model to test program options and estimate the net financial and environmental impacts on participating households | T11: rates program business case model

Sheet MarketModel
B1: =Menu!B1 -> solar rates program business case model v1
B2: menu | D2: market size | G2: model
B5: market size explorer // | Q5: =IF(OR(Q6=Lists!E6,Q6=Lists!E15),"for","for the region of") -> for the region of
Q6: > Victoria
B7: select a region to view demographic sizes of potential target audiences for a solar program to create a multi-LGA region choose "selected LGAs" as the region to model and choose each LGA from the selector boxes | Q7: =IF(Q6=Lists!E15, IFERROR(selectedRegions,"select LGAs to model using the selector boxes below"), IF(Q6=Lists!E6, IFERROR(selectedAlliances,"select alliances to model using the selector boxes below"), ""))
Q8: households | AA8: =VLOOKUP($Q$6,demoDataTable,MATCH(demographicData!$B$1,demoDataRows,FALSE),FALSE) -> 2281091
Q10: # households receiving a rebate | AB10: =VLOOKUP($Q$6,demoDataTable,MATCH(demographicData!$F$1,demoDataRows,FALSE),FALSE) -> 406341 | AD10: =IFERROR(AB10/$AA$8,"n/a") -> 0.1781345
Q11: # low income households | AB11: =VLOOKUP($Q$6,demoDataTable,MATCH(demographicData!$D$1,demoDataRows,FALSE),FALSE) -> 419152 | AD11: =IFERROR(AB11/$AA$8,"n/a") -> 0.18375067
Q12: # low income owner households | AB12: =VLOOKUP($Q$6,demoDataTable,MATCH(demographicData!$E$1,demoDataRows,FALSE),FALSE) -> 256975 | AD12: =IFERROR(AB12/$AA$8,"n/a") -> 0.11265443
Q14: people | AA14: =VLOOKUP($Q$6,demoDataTable,MATCH(demographicData!$C$1,demoDataRows,FALSE),FALSE) -> 5344927
Q16: # people receiving aged pension | AB16: =VLOOKUP($Q$6,demoDataTable,MATCH(demographicData!$G$1,demoDataRows,FALSE),FALSE) -> 605923 | AD16: =IFERROR(AB16/$AA$14,"n/a") -> 0.11336413
B19: reference data // | F19: AUSTRALIAN BUREAU OF STATISTICS 2011 Census of Population and Housing Data generated using ABS TableBuilder (accessed December 2015) Household count based on "Family Household Composition (HCFMD)" - includes all occupied private dwellings Low-income household count based on "Total Household Income (HIND)" - threshold set at $600 per week Household tenure based on "Tenure and Landlord Type (TENLLD)" | V19: Department of Veterans Affairs Number of people on aged pension based on "DVA Pensioners and Treatment Card Holders by Local Government Area as at 3 July 2015" (accessed December 2015) Local Government Households receiving rates rebates by Council provided by EAGA (October 2015) Alliances Al alliance estimates are based on summation of member LGAs. No double counting adjustment has been made to account for alliances that are a member of more than one alliance.
B23: =IF(Q6=Lists!E15,"create a multi-region market of selected LGA's //",IF(Q6=Lists!E6,"create a multi-region market of selected alliances //","")) | W23: =IF(Q6=Lists!E15,"1. mark each LGA to include in the model with an 'x'",IF(Q6=Lists!E6,"1. mark each alliance to include in the model with an 'x'",""))
W24: =IF(Q6=Lists!E15,"2. choose 'selected LGAs' as the model to model",IF(Q6=Lists!E6,"2. choose 'selected alliances' as the region to model",""))
C26: CVGA | H26: EAGA | L26: GCCN | R26: GBGA | U26: NEGHA | Y26: NAGA | AC26: SECCA | AE26: WAGA
C28: {=Lists!E16:E29} -> Alpine | J28: {=Lists!E30:E42} -> Central Goldfields | P28: {=Lists!E43:E55} -> Greater Shepparton | U28: {=Lists!E56:E68} -> Mansfield | AA28: {=Lists!E69:E81} -> Mount Alexander | AE28: {=Lists!E82:E94} -> Swan Hill
C29: Ararat | J29: Colac-Otway | P29: Hepburn | U29: Maribyrnong | AA29: Moyne | AE29: Towong
C30: Ballarat | J30: Corangamite | P30: Hindmarsh | U30: Maroondah | AA30: Murrindindi | AE30: Wangaratta
C31: Banyule | J31: Darebin | P31: Hobsons Bay | U31: Melbourne | AA31: Nillumbik | AE31: Warrnambool
C32: Bass Coast | J32: East Gippsland | P32: Horsham | U32: Melton | AA32: Northern Grampians | AE32: Wellington
C33: Baw Baw | J33: Frankston | P33: Hume | U33: Mildura | AA33: Port Phillip | AE33: West Wimmera
C34: Bayside | J34: Gannawarra | P34: Indigo | U34: Mitchell | AA34: Pyrenees | AE34: Whitehorse
C35: Benalla | J35: Glen Eira | P35: Kingston | U35: Moira | AA35: Queenscliffe | AE35: Whittlesea
C36: Boroondara | J36: Glenelg | P36: Knox | U36: Monash | AA36: South Gippsland | AE36: Wodonga
C37: Brimbank | J37: Golden Plains | P37: Latrobe | U37: Moonee Valley | AA37: Southern Grampians | AE37: Wyndham
C38: Buloke | J38: Greater Bendigo | P38: Loddon | U38: Moorabool | AA38: Stonnington | AE38: Yarra
C39: Campaspe | J39: Greater Dandenong | P39: Macedon Ranges | U39: Moreland | AA39: Strathbogie | AE39: Yarra Ranges
C40: Cardinia | J40: Greater Geelong | P40: Manningham | U40: Mornington Peninsula | AA40: Surf Coast | AE40: Yarriambiack
C41: Casey

Sheet ProgramModel
B1: =Menu!B1 -> solar rates program business case model v1 | AH1: `
B2: menu | D2: market size | F2: model
B4: solar rates program model: enter and adjust inputs in the design an program section and view model outputs and calculations // all outputs can be viewed by year or month, and per household or by total program by selecting the main headers of the output section // to view more detailed breakdown and calculations of energy costs click 'plus' button above
B6: design a program | O6: net annual benefit | AB6: shown per household | AI6: calculation of benefits and costs
O10: average benefit for all household types and generation-demand patterns | S10: =IF(AB6=B54,"average financial benefit for each modelled household type for all generation-demand patterns","average financial benefit for each modelled household type for all generation-demand patterns") -> average financial benefit for each modelled household type for all generation-demand patterns | W10: financial benefit for each household type by generation-demand pattern | AC10: clean energy generation and greenhouse gas abatement | AI10: breakdown of financial costs and benefits | AQ10: breakdown of financial benefits (net of costs) associated with energy generation and demand with solar PV unit | BC10: breakdown of energy generation and demand with solar PV unit
S16: type of household^ | U16: =IF(O6=B58,"net financial saving ($ / yr)","net financial saving ($ / mth)") -> net financial saving ($ / yr) | W16: =IF(O6=B58,"net financial saving ($ / yr)","net financial saving ($ / mth)") -> net financial saving ($ / yr) | AC16: clean energy | AE16: ghg gas savings | AI16: benefits | AL16: - | AM16: costs | AQ16: value of energy exported | AU16: avoided energy costs | AY16: cost of energy imported | BC16: energy demand | BG16: energy generated and exported to the grid | BK16: energy imported and consumed on-site | BO16: energy generated and consumed on-site
B17: program description | F17: Enter a short description of the program design being modelled | AI17: =IF($O$6=$B$58,"($ per year)","($ per month)") -> ($ per year) | AM17: =IF($O$6=$B$58,"($ per year)","($ per month)") -> ($ per year) | AQ17: =IF($O$6=$B$58,"($ per year)","($ per month)") -> ($ per year) | AU17: =IF($O$6=$B$58,"($ per year)","($ per month)") -> ($ per year) | AY17: =IF($O$6=$B$58,"($ per year)","($ per month)") -> ($ per year) | BC17: =IF($O$6=$B$58,"(MWh per year)","(MWh per month)") -> (MWh per year) | BG17: =IF($O$6=$B$58,"(MWh per year)","(MWh per month)") -> (MWh per year) | BK17: =IF($O$6=$B$58,"(MWh per year)","(MWh per month)") -> (MWh per year) | BO17: =IF($O$6=$B$58,"(MWh per year)","(MWh per month)") -> (MWh per year)
Y20: by average daily demand | AC20: =IF(O6=B58,"MWh per yr","MWh per mth)") -> MWh per yr | AE20: t CO2-e*** | AI20: by average daily demand | AM20: of financing PV units | AQ20: by average daily demand | AU20: by average daily demand | AY20: by average daily demand | BC20: by average daily demand | BG20: by average daily demand | BK20: by average daily demand | BO20: by average daily demand
Y21: 5 | Z21: 10 | AA21: 15 | AI21: 5 | AJ21: 10 | AK21: 15 | AM21: ="at "&I28*100&"% p.a." -> at 5% p.a. | AQ21: 5 | AR21: 10 | AS21: 15 | AU21: 5 | AV21: 10 | AW21: 15 | AY21: 5 | AZ21: 10 | BA21: 15 | BC21: 5 | BD21: 10 | BE21: 15 | BG21: 5 | BH21: 10 | BI21: 15 | BK21: 5 | BL21: 10 | BM21: 15 | BO21: 5 | BP21: 10 | BQ21: 15
B22: the number of participating households | F22: 1000
O23: =AVERAGE(U23,U28,U33,U38) -> -0.41657575 | S23: Retirees (1-2 occupants) | U23: =AVERAGE(Y23:AA26) -> 93.909167 | W23: by generation (PV size) | X23: 2 | Y23: =AI23+$AM23 -> -15.634185 | Z23: =AJ23+$AM23 -> 224.75634 | AA23: =AK23+$AM23 -> 411.38535 | AC23: =IFERROR(VLOOKUP(VLOOKUP($S$23,demoMap,2,FALSE)&VLOOKUP($AH23,systemMap,2,FALSE)&VLOOKUP(BC$21,consumptionMap,2,FALSE),rawDataTable,MATCH("gen",rawDataTableRows,FALSE),FALSE)/1000 *IF($AB$6=$B$55,$F$22,1) *IF($O$6=$B$57,1/12,1),"-") -> 2.203026 | AE23: =(BP23+BH23)*$J$47 -> 2.7537825 | AG23: by generation (PV size) | AH23: 2 | AI23: =$AU23+AQ23-AY23 -> 412.11276 | AJ23: =AV23+AR23-AZ23 -> 652.50328 | AK23: =AW23+AS23-BA23 -> 839.1323 | AL23: - | AM23: =IF($J$31="Annual",PMT($I$28,$J$30,$H$38),PMT($I$28/4,$J$30*4,$H$38)*4)* IF($AB$6=$B$55,$F$22,1) *IF($O$6=$B$57,1/12,1) -> -427.74695 | AQ23: =BG23*$I$34 -> 75.25343 | AR23: =BH23*$I$34 -> 31.476074 | AS23: =BI23*$I$34 -> 5.5791781 | AU23: =BC$23*$I$33 -> 547.5 | AV23: =BD$23*$I$33 -> 1095 | AW23: =BE$23*$I$33 -> 1642.5 | AY23: =BK23*$J$35 -> 210.64067 | AZ23: =BL23*$J$35 -> 473.97279 | BA23: =BM23*$J$35 -> 808.94688 | BC23: =BC$21*365/1000 *IF($AB$6=$B$55,$F$22,1) *IF($O$6=$B$57,1/12,1) -> 1.825 | BD23: =BD$21*365/1000 *IF($AB$6=$B$55,$F$22,1) *IF($O$6=$B$57,1/12,1) -> 3.65 | BE23: =BE$21*365/1000 *IF($AB$6=$B$55,$F$22,1) *IF($O$6=$B$57,1/12,1) -> 5.475 | BG23: =IFERROR(VLOOKUP(VLOOKUP($S$23,demoMap,2,FALSE)&VLOOKUP($AH23,systemMap,2,FALSE)&VLOOKUP(BG$21,consumptionMap,2,FALSE),rawDataTable,MATCH("export",rawDataTableRows,FALSE),FALSE)/1000 *IF($AB$6=$B$55,$F$22,1) *IF($O$6=$B$57,1/12,1),"-") -> 1.2542238 | BH23: =IFERROR(VLOOKUP(VLOOKUP($S$23,demoMap,2,FALSE)&VLOOKUP($AH23,systemMap,2,FALSE)&VLOOKUP(BH$21,consumptionMap,2,FALSE),rawDataTable,MATCH("export",rawDataTableRows,FALSE),FALSE)/1000 *IF($AB$6=$B$55,$F$22,1) *IF($O$6=$B$57,1/12,1),"-") -> 0.52460123 | BI23: =IFERROR(VLOOKUP(VLOOKUP($S$23,demoMap,2,FALSE)&VLOOKUP($AH23,systemMap,2,FALSE)&VLOOKUP(BI$21,consumptionMap,2,FALSE),rawDataTable,MATCH("export",rawDataTableRows,FALSE),FALSE)/1000 *IF($AB$6=$B$55,$F$22,1) *IF($O$6=$B$57,1/12,1),"-") -> 0.092986301 | BK23: =IFERROR(VLOOKUP(VLOOKUP($S$23,demoMap,2,FALSE)&VLOOKUP($AH23,systemMap,2,FALSE)&VLOOKUP(BK$21,consumptionMap,2,FALSE),rawDataTable,MATCH("import",rawDataTableRows,FALSE),FALSE)/1000 *IF($AB$6=$B$55,$F$22,1) *IF($O$6=$B$57,1/12,1),"-") -> 0.87619781 | BL23: =IFERROR(VLOOKUP(VLOOKUP($S$23,demoMap,2,FALSE)&VLOOKUP($AH23,systemMap,2,FALSE)&VLOOKUP(BL$21,consumptionMap,2,FALSE),rawDataTable,MATCH("import",rawDataTableRows,FALSE),FALSE)/1000 *IF($AB$6=$B$55,$F$22,1) *IF($O$6=$B$57,1/12,1),"-") -> 1.9715752 | BM23: =IFERROR(VLOOKUP(VLOOKUP($S$23,demoMap,2,FALSE)&VLOOKUP($AH23,systemMap,2,FALSE)&VLOOKUP(BM$21,consumptionMap,2,FALSE),rawDataTable,MATCH("import",rawDataTableRows,FALSE),FALSE)/1000 *IF($AB$6=$B$55,$F$22,1) *IF($O$6=$B$57,1/12,1),"-") -> 3.3649603 | BO23: =IFERROR(($AC23-BG23),"-") -> 0.94880219 | BP23: =IFERROR(($AC23-BH23),"-") -> 1.6784248 | BQ23: =IFERROR(($AC23-BI23),"-") -> 2.1100397
X24: 3 | Y24: =AI24+$AM24 -> -137.73981 | Z24: =AJ24+$AM24 -> 126.88295 | AA24: =AK24+$AM24 -> 359.47949 | AC24: =IFERROR(VLOOKUP(VLOOKUP($S$23,demoMap,2,FALSE)&VLOOKUP($AH24,systemMap,2,FALSE)&VLOOKUP(BC$21,consumptionMap,2,FALSE),rawDataTable,MATCH("gen",rawDataTableRows,FALSE),FALSE)/1000 *IF($AB$6=$B$55,$F$22,1) *IF($O$6=$B$57,1/12,1),"-") -> 3.304539 | AE24: =(BP24+BH24)*$J$47 -> 4.1306738 | AH24: 3 | AI24: =AU24+AQ24-AY24 -> 481.53562 | AJ24: =AV24+AR24-AZ24 -> 746.15838 | AK24: =AW24+AS24-BA24 -> 978.75492 | AM24: =IF($J$31="Annual",PMT($I$28,$J$30,$H$39),PMT($I$28/4,$J$30*4,$H$39)*4) *IF($AB$6=$B$55,$F$22,1) *IF($O$6=$B$57,1/12,1) -> -619.27543 | AQ24: =BG24*$I$34 -> 140.236 | AR24: =BH24*$I$34 -> 88.399279 | AS24: =BI24*$I$34 -> 47.214111 | AU24: =BC$23*$I$33 -> 547.5 | AV24: =BD$23*$I$33 -> 1095 | AW24: =BE$23*$I$33 -> 1642.5 | AY24: =BK24*$J$35 -> 206.20038 | AZ24: =BL24*$J$35 -> 437.2409 | BA24: =BM24*$J$35 -> 710.95919 | BC24: =BC$21*365/1000 *IF($AB$6=$B$55,$F$22,1) *IF($O$6=$B$57,1/12,1) -> 1.825 | BD24: =BD$21*365/1000 *IF($AB$6=$B$55,$F$22,1) *IF($O$6=$B$57,1/12,1) -> 3.65 | BE24: =BE$21*365/1000 *IF($AB$6=$B$55,$F$22,1) *IF($O$6=$B$57,1/12,1) -> 5.475 | BG24: =IFERROR(VLOOKUP(VLOOKUP($S$23,demoMap,2,FALSE)&VLOOKUP($AH24,systemMap,2,FALSE)&VLOOKUP(BG$21,consumptionMap,2,FALSE),rawDataTable,MATCH("export",rawDataTableRows,FALSE),FALSE)/1000 *IF($AB$6=$B$55,$F$22,1) *IF($O$6=$B$57,1/12,1),"-") -> 2.3372667 | BH24: =IFERROR(VLOOKUP(VLOOKUP($S$23,demoMap,2,FALSE)&VLOOKUP($AH24,systemMap,2,FALSE)&VLOOKUP(BH$21,consumptionMap,2,FALSE),rawDataTable,MATCH("export",rawDataTableRows,FALSE),FALSE)/1000 *IF($AB$6=$B$55,$F$22,1) *IF($O$6=$B$57,1/12,1),"-") -> 1.4733213 | BI24: =IFERROR(VLOOKUP(VLOOKUP($S$23,demoMap,2,FALSE)&VLOOKUP($AH24,systemMap,2,FALSE)&VLOOKUP(BI$21,consumptionMap,2,FALSE),rawDataTable,MATCH("export",rawDataTableRows,FALSE),FALSE)/1000 *IF($AB$6=$B$55,$F$22,1) *IF($O$6=$B$57,1/12,1),"-") -> 0.78690185 | BK24: =IFERROR(VLOOKUP(VLOOKUP($S$23,demoMap,2,FALSE)&VLOOKUP($AH24,systemMap,2,FALSE)&VLOOKUP(BK$21,consumptionMap,2,FALSE),rawDataTable,MATCH("import",rawDataTableRows,FALSE),FALSE)/1000 *IF($AB$6=$B$55,$F$22,1) *IF($O$6=$B$57,1/12,1),"-") -> 0.85772763 | BL24: =IFERROR(VLOOKUP(VLOOKUP($S$23,demoMap,2,FALSE)&VLOOKUP($AH24,systemMap,2,FALSE)&VLOOKUP(BL$21,consumptionMap,2,FALSE),rawDataTable,MATCH("import",rawDataTableRows,FALSE),FALSE)/1000 *IF($AB$6=$B$55,$F$22,1) *IF($O$6=$B$57,1/12,1),"-") -> 1.8187823 | BM24: =IFERROR(VLOOKUP(VLOOKUP($S$23,demoMap,2,FALSE)&VLOOKUP($AH24,systemMap,2,FALSE)&VLOOKUP(BM$21,consumptionMap,2,FALSE),rawDataTable,MATCH("import",rawDataTableRows,FALSE),FALSE)/1000 *IF($AB$6=$B$55,$F$22,1) *IF($O$6=$B$57,1/12,1),"-") -> 2.9573628 | BO24: =IFERROR(($AC24-BG24),"-") -> 0.96727237 | BP24: =IFERROR(($AC24-BH24),"-") -> 1.8312177 | BQ24: =IFERROR(($AC24-BI24),"-") -> 2.5176372
O25: ="for all "&F22&" households" -> for all 1000 households | X25: 4 | Y25: =AI25+$AM25 -> -217.66848 | Z25: =AJ25+$AM25 -> 58.111588 | AA25: =AK25+$AM25 -> 310.5495 | AC25: =IFERROR(VLOOKUP(VLOOKUP($S$23,demoMap,2,FALSE)&VLOOKUP($AH25,systemMap,2,FALSE)&VLOOKUP(BC$21,consumptionMap,2,FALSE),rawDataTable,MATCH("gen",rawDataTableRows,FALSE),FALSE)/1000 *IF($AB$6=$B$55,$F$22,1) *IF($O$6=$B$57,1/12,1),"-") -> 4.4060521 | AE25: =(BP25+BH25)*$J$47 -> 5.5075651 | AH25: 4 | AI25: =AU25+AQ25-AY25 -> 548.44545 | AJ25: =AV25+AR25-AZ25 -> 824.22552 | AK25: =AW25+AS25-BA25 -> 1076.6634 | AM25: =IF($J$31="Annual",PMT($I$28,$J$30,$H$40),PMT($I$28/4,$J$30*4,$H$40)*4) *IF($AB$6=$B$55,$F$22,1) *IF($O$6=$B$57,1/12,1) -> -766.11393 | AQ25: =BG25*$I$34 -> 206.05437 | AR25: =BH25*$I$34 -> 150.50686 | AS25: =BI25*$I$34 -> 102.72268 | AU25: =BC$23*$I$33 -> 547.5 | AV25: =BD$23*$I$33 -> 1095 | AW25: =BE$23*$I$33 -> 1642.5 | AY25: =BK25*$J$35 -> 205.10892 | AZ25: =BL25*$J$35 -> 421.28134 | BA25: =BM25*$J$35 -> 668.55925 | BC25: =BC$21*365/1000 *IF($AB$6=$B$55,$F$22,1) *IF($O$6=$B$57,1/12,1) -> 1.825 | BD25: =BD$21*365/1000 *IF($AB$6=$B$55,$F$22,1) *IF($O$6=$B$57,1/12,1) -> 3.65 | BE25: =BE$21*365/1000 *IF($AB$6=$B$55,$F$22,1) *IF($O$6=$B$57,1/12,1) -> 5.475 | BG25: =IFERROR(VLOOKUP(VLOOKUP($S$23,demoMap,2,FALSE)&VLOOKUP($AH25,systemMap,2,FALSE)&VLOOKUP(BG$21,consumptionMap,2,FALSE),rawDataTable,MATCH("export",rawDataTableRows,FALSE),FALSE)/1000 *IF($AB$6=$B$55,$F$22,1) *IF($O$6=$B$57,1/12,1),"-") -> 3.4342396 | BH25: =IFERROR(VLOOKUP(VLOOKUP($S$23,demoMap,2,FALSE)&VLOOKUP($AH25,systemMap,2,FALSE)&VLOOKUP(BH$21,consumptionMap,2,FALSE),rawDataTable,MATCH("export",rawDataTableRows,FALSE),FALSE)/1000 *IF($AB$6=$B$55,$F$22,1) *IF($O$6=$B$57,1/12,1),"-") -> 2.5084477 | BI25: =IFERROR(VLOOKUP(VLOOKUP($S$23,demoMap,2,FALSE)&VLOOKUP($AH25,systemMap,2,FALSE)&VLOOKUP(BI$21,consumptionMap,2,FALSE),rawDataTable,MATCH("export",rawDataTableRows,FALSE),FALSE)/1000 *IF($AB$6=$B$55,$F$22,1) *IF($O$6=$B$57,1/12,1),"-") -> 1.7120447 | BK25: =IFERROR(VLOOKUP(VLOOKUP($S$23,demoMap,2,FALSE)&VLOOKUP($AH25,systemMap,2,FALSE)&VLOOKUP(BK$21,consumptionMap,2,FALSE),rawDataTable,MATCH("import",rawDataTableRows,FALSE),FALSE)/1000 *IF($AB$6=$B$55,$F$22,1) *IF($O$6=$B$57,1/12,1),"-") -> 0.8531875 | BL25: =IFERROR(VLOOKUP(VLOOKUP($S$23,demoMap,2,FALSE)&VLOOKUP($AH25,systemMap,2,FALSE)&VLOOKUP(BL$21,consumptionMap,2,FALSE),rawDataTable,MATCH("import",rawDataTableRows,FALSE),FALSE)/1000 *IF($AB$6=$B$55,$F$22,1) *IF($O$6=$B$57,1/12,1),"-") -> 1.7523956 | BM25: =IFERROR(VLOOKUP(VLOOKUP($S$23,demoMap,2,FALSE)&VLOOKUP($AH25,systemMap,2,FALSE)&VLOOKUP(BM$21,consumptionMap,2,FALSE),rawDataTable,MATCH("import",rawDataTableRows,FALSE),FALSE)/1000 *IF($AB$6=$B$55,$F$22,1) *IF($O$6=$B$57,1/12,1),"-") -> 2.7809926 | BO25: =IFERROR(($AC25-BG25),"-") -> 0.9718125 | BP25: =IFERROR(($AC25-BH25),"-") -> 1.8976044 | BQ25: =IFERROR(($AC25-BI25),"-") -> 2.6940074
B26: required leverage and financing structure | F26: > required leverage* | I26: =AVERAGE(J38:K42) -> 5287500 | X26: 5 | Y26: =AI26+$AM26 -> -272.87907 | Z26: =AJ26+$AM26 -> 6.8361059 | AA26: =AK26+$AM26 -> 272.83023 | AC26: =IFERROR(VLOOKUP(VLOOKUP($S$23,demoMap,2,FALSE)&VLOOKUP($AH26,systemMap,2,FALSE)&VLOOKUP(BC$21,consumptionMap,2,FALSE),rawDataTable,MATCH("gen",rawDataTableRows,FALSE),FALSE)/1000 *IF($AB$6=$B$55,$F$22,1) *IF($O$6=$B$57,1/12,1),"-") -> 5.5075651 | AE26: =(BP26+BH26)*$J$47 -> 6.8844563 | AH26: 5 | AI26: =AU26+AQ26-AY26 -> 614.53623 | AJ26: =AV26+AR26-AZ26 -> 894.25141 | AK26: =AW26+AS26-BA26 -> 1160.2455 | AM26: =IF($J$31="Annual",PMT($I$28,$J$30,$H$41),PMT($I$28/4,$J$30*4,$H$41)*4) *IF($AB$6=$B$55,$F$22,1) *IF($O$6=$B$57,1/12,1) -> -887.41531 | AQ26: =BG26*$I$34 -> 272.14515 | AR26: =BH26*$I$34 -> 215.28887 | AS26: =BI26*$I$34 -> 162.99605 | AU26: =BC$23*$I$33 -> 547.5 | AV26: =BD$23*$I$33 -> 1095 | AW26: =BE$23*$I$33 -> 1642.5 | AY26: =BK26*$J$35 -> 205.10892 | AZ26: =BL26*$J$35 -> 416.03746 | BA26: =BM26*$J$35 -> 645.25051 | BC26: =BC$21*365/1000 *IF($AB$6=$B$55,$F$22,1) *IF($O$6=$B$57,1/12,1) -> 1.825 | BD26: =BD$21*365/1000 *IF($AB$6=$B$55,$F$22,1) *IF($O$6=$B$57,1/12,1) -> 3.65 | BE26: =BE$21*365/1000 *IF($AB$6=$B$55,$F$22,1) *IF($O$6=$B$57,1/12,1) -> 5.475 | BG26: =IFERROR(VLOOKUP(VLOOKUP($S$23,demoMap,2,FALSE)&VLOOKUP($AH26,systemMap,2,FALSE)&VLOOKUP(BG$21,consumptionMap,2,FALSE),rawDataTable,MATCH("export",rawDataTableRows,FALSE),FALSE)/1000 *IF($AB$6=$B$55,$F$22,1) *IF($O$6=$B$57,1/12,1),"-") -> 4.5357526 | BH26: =IFERROR(VLOOKUP(VLOOKUP($S$23,demoMap,2,FALSE)&VLOOKUP($AH26,systemMap,2,FALSE)&VLOOKUP(BH$21,consumptionMap,2,FALSE),rawDataTable,MATCH("export",rawDataTableRows,FALSE),FALSE)/1000 *IF($AB$6=$B$55,$F$22,1) *IF($O$6=$B$57,1/12,1),"-") -> 3.5881478 | BI26: =IFERROR(VLOOKUP(VLOOKUP($S$23,demoMap,2,FALSE)&VLOOKUP($AH26,systemMap,2,FALSE)&VLOOKUP(BI$21,consumptionMap,2,FALSE),rawDataTable,MATCH("export",rawDataTableRows,FALSE),FALSE)/1000 *IF($AB$6=$B$55,$F$22,1) *IF($O$6=$B$57,1/12,1),"-") -> 2.7166008 | BK26: =IFERROR(VLOOKUP(VLOOKUP($S$23,demoMap,2,FALSE)&VLOOKUP($AH26,systemMap,2,FALSE)&VLOOKUP(BK$21,consumptionMap,2,FALSE),rawDataTable,MATCH("import",rawDataTableRows,FALSE),FALSE)/1000 *IF($AB$6=$B$55,$F$22,1) *IF($O$6=$B$57,1/12,1),"-") -> 0.8531875 | BL26: =IFERROR(VLOOKUP(VLOOKUP($S$23,demoMap,2,FALSE)&VLOOKUP($AH26,systemMap,2,FALSE)&VLOOKUP(BL$21,consumptionMap,2,FALSE),rawDataTable,MATCH("import",rawDataTableRows,FALSE),FALSE)/1000 *IF($AB$6=$B$55,$F$22,1) *IF($O$6=$B$57,1/12,1),"-") -> 1.7305827 | BM26: =IFERROR(VLOOKUP(VLOOKUP($S$23,demoMap,2,FALSE)&VLOOKUP($AH26,systemMap,2,FALSE)&VLOOKUP(BM$21,consumptionMap,2,FALSE),rawDataTable,MATCH("import",rawDataTableRows,FALSE),FALSE)/1000 *IF($AB$6=$B$55,$F$22,1) *IF($O$6=$B$57,1/12,1),"-") -> 2.6840357 | BO26: =IFERROR(($AC26-BG26),"-") -> 0.9718125 | BP26: =IFERROR(($AC26-BH26),"-") -> 1.9194173 | BQ26: =IFERROR(($AC26-BI26),"-") -> 2.7909643
F28: > borrowing rate (% p.a.) | I28: 0.05 | O28: =AVERAGE(U23,U28,U33,U38)*IF($AB$6=$B$54,1,1/$F$22) -> -0.41657575 | S28: Family type 2 (1-2 working occupants) | U28: =AVERAGE(Y28:AA31) -> 33.683469 | W28: by generation (PV size) | X28: 2 | Y28: =AI28+$AM28 -> -46.87569 | Z28: =AJ28+$AM28 -> 162.7688 | AA28: =AK28+$AM28 -> 341.41547 | AC28: =IFERROR(VLOOKUP(VLOOKUP($S$28,demoMap,2,FALSE)&VLOOKUP($AH28,systemMap,2,FALSE)&VLOOKUP(BC$21,consumptionMap,2,FALSE),rawDataTable,MATCH("gen",rawDataTableRows,FALSE),FALSE)/1000 *IF($AB$6=$B$55,$F$22,1) *IF($O$6=$B$57,1/12,1),"-") -> 2.203026 | AE28: =(BP28+BH28)*$J$47 -> 2.7537825 | AG28: by generation (PV size) | AH28: 2 | AI28: =$AU28+AQ28-AY28 -> 380.87126 | AJ28: =AV28+AR28-AZ28 -> 590.51575 | AK28: =AW28+AS28-BA28 -> 769.16242 | AL28: - | AM28: =IF($J$31="Annual",PMT($I$28,$J$30,$H$38),PMT($I$28/4,$J$30*4,$H$38)*4)* IF($AB$6=$B$55,$F$22,1) *IF($O$6=$B$57,1/12,1) -> -427.74695 | AQ28: =BG28*$I$34 -> 85.643996 | AR28: =BH28*$I$34 -> 52.092417 | AS28: =BI28*$I$34 -> 28.850357 | AU28: =BC$23*$I$33 -> 547.5 | AV28: =BD$23*$I$33 -> 1095 | AW28: =BE$23*$I$33 -> 1642.5 | AY28: =BK28*$J$35 -> 252.27274 | AZ28: =BL28*$J$35 -> 556.57667 | BA28: =BM28*$J$35 -> 902.18794 | BC28: =BC$21*365/1000 *IF($AB$6=$B$55,$F$22,1) *IF($O$6=$B$57,1/12,1) -> 1.825 | BD28: =BD$21*365/1000 *IF($AB$6=$B$55,$F$22,1) *IF($O$6=$B$57,1/12,1) -> 3.65 | BE28: =BE$21*365/1000 *IF($AB$6=$B$55,$F$22,1) *IF($O$6=$B$57,1/12,1) -> 5.475 | BG28: =IFERROR(VLOOKUP(VLOOKUP($S$28,demoMap,2,FALSE)&VLOOKUP($AH28,systemMap,2,FALSE)&VLOOKUP(BG$21,consumptionMap,2,FALSE),rawDataTable,MATCH("export",rawDataTableRows,FALSE),FALSE)/1000 *IF($AB$6=$B$55,$F$22,1) *IF($O$6=$B$57,1/12,1),"-") -> 1.4273999 | BH28: =IFERROR(VLOOKUP(VLOOKUP($S$28,demoMap,2,FALSE)&VLOOKUP($AH28,systemMap,2,FALSE)&VLOOKUP(BH$21,consumptionMap,2,FALSE),rawDataTable,MATCH("export",rawDataTableRows,FALSE),FALSE)/1000 *IF($AB$6=$B$55,$F$22,1) *IF($O$6=$B$57,1/12,1),"-") -> 0.86820695 | BI28: =IFERROR(VLOOKUP(VLOOKUP($S$28,demoMap,2,FALSE)&VLOOKUP($AH28,systemMap,2,FALSE)&VLOOKUP(BI$21,consumptionMap,2,FALSE),rawDataTable,MATCH("export",rawDataTableRows,FALSE),FALSE)/1000 *IF($AB$6=$B$55,$F$22,1) *IF($O$6=$B$57,1/12,1),"-") -> 0.48083928 | BK28: =IFERROR(VLOOKUP(VLOOKUP($S$28,demoMap,2,FALSE)&VLOOKUP($AH28,systemMap,2,FALSE)&VLOOKUP(BK$21,consumptionMap,2,FALSE),rawDataTable,MATCH("import",rawDataTableRows,FALSE),FALSE)/1000 *IF($AB$6=$B$55,$F$22,1) *IF($O$6=$B$57,1/12,1),"-") -> 1.0493739 | BL28: =IFERROR(VLOOKUP(VLOOKUP($S$28,demoMap,2,FALSE)&VLOOKUP($AH28,systemMap,2,FALSE)&VLOOKUP(BL$21,consumptionMap,2,FALSE),rawDataTable,MATCH("import",rawDataTableRows,FALSE),FALSE)/1000 *IF($AB$6=$B$55,$F$22,1) *IF($O$6=$B$57,1/12,1),"-") -> 2.3151809 | BM28: =IFERROR(VLOOKUP(VLOOKUP($S$28,demoMap,2,FALSE)&VLOOKUP($AH28,systemMap,2,FALSE)&VLOOKUP(BM$21,consumptionMap,2,FALSE),rawDataTable,MATCH("import",rawDataTableRows,FALSE),FALSE)/1000 *IF($AB$6=$B$55,$F$22,1) *IF($O$6=$B$57,1/12,1),"-") -> 3.7528133 | BO28: =IFERROR(($AC28-BG28),"-") -> 0.7756261 | BP28: =IFERROR(($AC28-BH28),"-") -> 1.3348191 | BQ28: =IFERROR(($AC28-BI28),"-") -> 1.7221867
X29: 3 | Y29: =AI29+$AM29 -> -167.1807 | Z29: =AJ29+$AM29 -> 63.405112 | AA29: =AK29+$AM29 -> 266.49819 | AC29: =IFERROR(VLOOKUP(VLOOKUP($S$28,demoMap,2,FALSE)&VLOOKUP($AH29,systemMap,2,FALSE)&VLOOKUP(BC$21,consumptionMap,2,FALSE),rawDataTable,MATCH("gen",rawDataTableRows,FALSE),FALSE)/1000 *IF($AB$6=$B$55,$F$22,1) *IF($O$6=$B$57,1/12,1),"-") -> 3.304539 | AE29: =(BP29+BH29)*$J$47 -> 4.1306738 | AH29: 3 | AI29: =AU29+AQ29-AY29 -> 452.09473 | AJ29: =AV29+AR29-AZ29 -> 682.68054 | AK29: =AW29+AS29-BA29 -> 885.77362 | AM29: =IF($J$31="Annual",PMT($I$28,$J$30,$H$39),PMT($I$28/4,$J$30*4,$H$39)*4) *IF($AB$6=$B$55,$F$22,1) *IF($O$6=$B$57,1/12,1) -> -619.27543 | AQ29: =BG29*$I$34 -> 150.0277 | AR29: =BH29*$I$34 -> 109.51128 | AS29: =BI29*$I$34 -> 78.138625 | AU29: =BC$23*$I$33 -> 547.5 | AV29: =BD$23*$I$33 -> 1095 | AW29: =BE$23*$I$33 -> 1642.5 | AY29: =BK29*$J$35 -> 245.43297 | AZ29: =BL29*$J$35 -> 521.83074 | BA29: =BM29*$J$35 -> 834.86501 | BC29: =BC$21*365/1000 *IF($AB$6=$B$55,$F$22,1) *IF($O$6=$B$57,1/12,1) -> 1.825 | BD29: =BD$21*365/1000 *IF($AB$6=$B$55,$F$22,1) *IF($O$6=$B$57,1/12,1) -> 3.65 | BE29: =BE$21*365/1000 *IF($AB$6=$B$55,$F$22,1) *IF($O$6=$B$57,1/12,1) -> 5.475 | BG29: =IFERROR(VLOOKUP(VLOOKUP($S$28,demoMap,2,FALSE)&VLOOKUP($AH29,systemMap,2,FALSE)&VLOOKUP(BG$21,consumptionMap,2,FALSE),rawDataTable,MATCH("export",rawDataTableRows,FALSE),FALSE)/1000 *IF($AB$6=$B$55,$F$22,1) *IF($O$6=$B$57,1/12,1),"-") -> 2.5004617 | BH29: =IFERROR(VLOOKUP(VLOOKUP($S$28,demoMap,2,FALSE)&VLOOKUP($AH29,systemMap,2,FALSE)&VLOOKUP(BH$21,consumptionMap,2,FALSE),rawDataTable,MATCH("export",rawDataTableRows,FALSE),FALSE)/1000 *IF($AB$6=$B$55,$F$22,1) *IF($O$6=$B$57,1/12,1),"-") -> 1.825188 | BI29: =IFERROR(VLOOKUP(VLOOKUP($S$28,demoMap,2,FALSE)&VLOOKUP($AH29,systemMap,2,FALSE)&VLOOKUP(BI$21,consumptionMap,2,FALSE),rawDataTable,MATCH("export",rawDataTableRows,FALSE),FALSE)/1000 *IF($AB$6=$B$55,$F$22,1) *IF($O$6=$B$57,1/12,1),"-") -> 1.3023104 | BK29: =IFERROR(VLOOKUP(VLOOKUP($S$28,demoMap,2,FALSE)&VLOOKUP($AH29,systemMap,2,FALSE)&VLOOKUP(BK$21,consumptionMap,2,FALSE),rawDataTable,MATCH("import",rawDataTableRows,FALSE),FALSE)/1000 *IF($AB$6=$B$55,$F$22,1) *IF($O$6=$B$57,1/12,1),"-") -> 1.0209227 | BL29: =IFERROR(VLOOKUP(VLOOKUP($S$28,demoMap,2,FALSE)&VLOOKUP($AH29,systemMap,2,FALSE)&VLOOKUP(BL$21,consumptionMap,2,FALSE),rawDataTable,MATCH("import",rawDataTableRows,FALSE),FALSE)/1000 *IF($AB$6=$B$55,$F$22,1) *IF($O$6=$B$57,1/12,1),"-") -> 2.170649 | BM29: =IFERROR(VLOOKUP(VLOOKUP($S$28,demoMap,2,FALSE)&VLOOKUP($AH29,systemMap,2,FALSE)&VLOOKUP(BM$21,consumptionMap,2,FALSE),rawDataTable,MATCH("import",rawDataTableRows,FALSE),FALSE)/1000 *IF($AB$6=$B$55,$F$22,1) *IF($O$6=$B$57,1/12,1),"-") -> 3.4727714 | BO29: =IFERROR(($AC29-BG29),"-") -> 0.80407734 | BP29: =IFERROR(($AC29-BH29),"-") -> 1.479351 | BQ29: =IFERROR(($AC29-BI29),"-") -> 2.0022286
F30: > borrowing period | J30: 10 | O30: ="per average household" -> per average household | X30: 4 | Y30: =AI30+$AM30 -> -247.57405 | Z30: =AJ30+$AM30 -> -4.3714202 | AA30: =AK30+$AM30 -> 215.07208 | AC30: =IFERROR(VLOOKUP(VLOOKUP($S$28,demoMap,2,FALSE)&VLOOKUP($AH30,systemMap,2,FALSE)&VLOOKUP(BC$21,consumptionMap,2,FALSE),rawDataTable,MATCH("gen",rawDataTableRows,FALSE),FALSE)/1000 *IF($AB$6=$B$55,$F$22,1) *IF($O$6=$B$57,1/12,1),"-") -> 4.4060521 | AE30: =(BP30+BH30)*$J$47 -> 5.5075651 | AH30: 4 | AI30: =AU30+AQ30-AY30 -> 518.53988 | AJ30: =AV30+AR30-AZ30 -> 761.74251 | AK30: =AW30+AS30-BA30 -> 981.18601 | AM30: =IF($J$31="Annual",PMT($I$28,$J$30,$H$40),PMT($I$28/4,$J$30*4,$H$40)*4) *IF($AB$6=$B$55,$F$22,1) *IF($O$6=$B$57,1/12,1) -> -766.11393 | AQ30: =BG30*$I$34 -> 216.00062 | AR30: =BH30*$I$34 -> 171.28799 | AS30: =BI30*$I$34 -> 134.47737 | AU30: =BC$23*$I$33 -> 547.5 | AV30: =BD$23*$I$33 -> 1095 | AW30: =BE$23*$I$33 -> 1642.5 | AY30: =BK30*$J$35 -> 244.96074 | AZ30: =BL30*$J$35 -> 504.54548 | BA30: =BM30*$J$35 -> 795.79136 | BC30: =BC$21*365/1000 *IF($AB$6=$B$55,$F$22,1) *IF($O$6=$B$57,1/12,1) -> 1.825 | BD30: =BD$21*365/1000 *IF($AB$6=$B$55,$F$22,1) *IF($O$6=$B$57,1/12,1) -> 3.65 | BE30: =BE$21*365/1000 *IF($AB$6=$B$55,$F$22,1) *IF($O$6=$B$57,1/12,1) -> 5.475 | BG30: =IFERROR(VLOOKUP(VLOOKUP($S$28,demoMap,2,FALSE)&VLOOKUP($AH30,systemMap,2,FALSE)&VLOOKUP(BG$21,consumptionMap,2,FALSE),rawDataTable,MATCH("export",rawDataTableRows,FALSE),FALSE)/1000 *IF($AB$6=$B$55,$F$22,1) *IF($O$6=$B$57,1/12,1),"-") -> 3.6000104 | BH30: =IFERROR(VLOOKUP(VLOOKUP($S$28,demoMap,2,FALSE)&VLOOKUP($AH30,systemMap,2,FALSE)&VLOOKUP(BH$21,consumptionMap,2,FALSE),rawDataTable,MATCH("export",rawDataTableRows,FALSE),FALSE)/1000 *IF($AB$6=$B$55,$F$22,1) *IF($O$6=$B$57,1/12,1),"-") -> 2.8547999 | BI30: =IFERROR(VLOOKUP(VLOOKUP($S$28,demoMap,2,FALSE)&VLOOKUP($AH30,systemMap,2,FALSE)&VLOOKUP(BI$21,consumptionMap,2,FALSE),rawDataTable,MATCH("export",rawDataTableRows,FALSE),FALSE)/1000 *IF($AB$6=$B$55,$F$22,1) *IF($O$6=$B$57,1/12,1),"-") -> 2.2412896 | BK30: =IFERROR(VLOOKUP(VLOOKUP($S$28,demoMap,2,FALSE)&VLOOKUP($AH30,systemMap,2,FALSE)&VLOOKUP(BK$21,consumptionMap,2,FALSE),rawDataTable,MATCH("import",rawDataTableRows,FALSE),FALSE)/1000 *IF($AB$6=$B$55,$F$22,1) *IF($O$6=$B$57,1/12,1),"-") -> 1.0189583 | BL30: =IFERROR(VLOOKUP(VLOOKUP($S$28,demoMap,2,FALSE)&VLOOKUP($AH30,systemMap,2,FALSE)&VLOOKUP(BL$21,consumptionMap,2,FALSE),rawDataTable,MATCH("import",rawDataTableRows,FALSE),FALSE)/1000 *IF($AB$6=$B$55,$F$22,1) *IF($O$6=$B$57,1/12,1),"-") -> 2.0987478 | BM30: =IFERROR(VLOOKUP(VLOOKUP($S$28,demoMap,2,FALSE)&VLOOKUP($AH30,systemMap,2,FALSE)&VLOOKUP(BM$21,consumptionMap,2,FALSE),rawDataTable,MATCH("import",rawDataTableRows,FALSE),FALSE)/1000 *IF($AB$6=$B$55,$F$22,1) *IF($O$6=$B$57,1/12,1),"-") -> 3.3102375 | BO30: =IFERROR(($AC30-BG30),"-") -> 0.80604167 | BP30: =IFERROR(($AC30-BH30),"-") -> 1.5512522 | BQ30: =IFERROR(($AC30-BI30),"-") -> 2.1647625
F31: > repayment interval | J31: Quarterly | X31: 5 | Y31: =AI31+$AM31 -> -302.78464 | Z31: =AJ31+$AM31 -> -53.387822 | AA31: =AK31+$AM31 -> 177.2163 | AC31: =IFERROR(VLOOKUP(VLOOKUP($S$28,demoMap,2,FALSE)&VLOOKUP($AH31,systemMap,2,FALSE)&VLOOKUP(BC$21,consumptionMap,2,FALSE),rawDataTable,MATCH("gen",rawDataTableRows,FALSE),FALSE)/1000 *IF($AB$6=$B$55,$F$22,1) *IF($O$6=$B$57,1/12,1),"-") -> 5.5075651 | AE31: =(BP31+BH31)*$J$47 -> 6.8844563 | AH31: 5 | AI31: =AU31+AQ31-AY31 -> 584.63066 | AJ31: =AV31+AR31-AZ31 -> 834.02748 | AK31: =AW31+AS31-BA31 -> 1064.6316 | AM31: =IF($J$31="Annual",PMT($I$28,$J$30,$H$41),PMT($I$28/4,$J$30*4,$H$41)*4) *IF($AB$6=$B$55,$F$22,1) *IF($O$6=$B$57,1/12,1) -> -887.41531 | AQ31: =BG31*$I$34 -> 282.0914 | AR31: =BH31*$I$34 -> 235.31866 | AS31: =BI31*$I$34 -> 194.79614 | AU31: =BC$23*$I$33 -> 547.5 | AV31: =BD$23*$I$33 -> 1095 | AW31: =BE$23*$I$33 -> 1642.5 | AY31: =BK31*$J$35 -> 244.96074 | AZ31: =BL31*$J$35 -> 496.29117 | BA31: =BM31*$J$35 -> 772.66454 | BC31: =BC$21*365/1000 *IF($AB$6=$B$55,$F$22,1) *IF($O$6=$B$57,1/12,1) -> 1.825 | BD31: =BD$21*365/1000 *IF($AB$6=$B$55,$F$22,1) *IF($O$6=$B$57,1/12,1) -> 3.65 | BE31: =BE$21*365/1000 *IF($AB$6=$B$55,$F$22,1) *IF($O$6=$B$57,1/12,1) -> 5.475 | BG31: =IFERROR(VLOOKUP(VLOOKUP($S$28,demoMap,2,FALSE)&VLOOKUP($AH31,systemMap,2,FALSE)&VLOOKUP(BG$21,consumptionMap,2,FALSE),rawDataTable,MATCH("export",rawDataTableRows,FALSE),FALSE)/1000 *IF($AB$6=$B$55,$F$22,1) *IF($O$6=$B$57,1/12,1),"-") -> 4.7015234 | BH31: =IFERROR(VLOOKUP(VLOOKUP($S$28,demoMap,2,FALSE)&VLOOKUP($AH31,systemMap,2,FALSE)&VLOOKUP(BH$21,consumptionMap,2,FALSE),rawDataTable,MATCH("export",rawDataTableRows,FALSE),FALSE)/1000 *IF($AB$6=$B$55,$F$22,1) *IF($O$6=$B$57,1/12,1),"-") -> 3.9219776 | BI31: =IFERROR(VLOOKUP(VLOOKUP($S$28,demoMap,2,FALSE)&VLOOKUP($AH31,systemMap,2,FALSE)&VLOOKUP(BI$21,consumptionMap,2,FALSE),rawDataTable,MATCH("export",rawDataTableRows,FALSE),FALSE)/1000 *IF($AB$6=$B$55,$F$22,1) *IF($O$6=$B$57,1/12,1),"-") -> 3.2466024 | BK31: =IFERROR(VLOOKUP(VLOOKUP($S$28,demoMap,2,FALSE)&VLOOKUP($AH31,systemMap,2,FALSE)&VLOOKUP(BK$21,consumptionMap,2,FALSE),rawDataTable,MATCH("import",rawDataTableRows,FALSE),FALSE)/1000 *IF($AB$6=$B$55,$F$22,1) *IF($O$6=$B$57,1/12,1),"-") -> 1.0189583 | BL31: =IFERROR(VLOOKUP(VLOOKUP($S$28,demoMap,2,FALSE)&VLOOKUP($AH31,systemMap,2,FALSE)&VLOOKUP(BL$21,consumptionMap,2,FALSE),rawDataTable,MATCH("import",rawDataTableRows,FALSE),FALSE)/1000 *IF($AB$6=$B$55,$F$22,1) *IF($O$6=$B$57,1/12,1),"-") -> 2.0644125 | BM31: =IFERROR(VLOOKUP(VLOOKUP($S$28,demoMap,2,FALSE)&VLOOKUP($AH31,systemMap,2,FALSE)&VLOOKUP(BM$21,consumptionMap,2,FALSE),rawDataTable,MATCH("import",rawDataTableRows,FALSE),FALSE)/1000 *IF($AB$6=$B$55,$F$22,1) *IF($O$6=$B$57,1/12,1),"-") -> 3.2140373 | BO31: =IFERROR(($AC31-BG31),"-") -> 0.80604167 | BP31: =IFERROR(($AC31-BH31),"-") -> 1.5855875 | BQ31: =IFERROR(($AC31-BI31),"-") -> 2.2609627
B33: value of energy generation | F33: > average tariff | I33: 300 | O33: =AVERAGE(AE23:AE41) -> 4.8191194 | S33: Family type 1 (Couple with children) | U33: =AVERAGE(Y33:AA36) -> -37.028378 | W33: by generation (PV size) | X33: 2 | Y33: =AI33+$AM33 -> -82.208212 | Z33: =AJ33+$AM33 -> 89.384083 | AA33: =AK33+$AM33 -> 238.96948 | AC33: =IFERROR(VLOOKUP(VLOOKUP($S$33,demoMap,2,FALSE)&VLOOKUP($AH33,systemMap,2,FALSE)&VLOOKUP(BC$21,consumptionMap,2,FALSE),rawDataTable,MATCH("gen",rawDataTableRows,FALSE),FALSE)/1000 *IF($AB$6=$B$55,$F$22,1) *IF($O$6=$B$57,1/12,1),"-") -> 2.203026 | AE33: =(BP33+BH33)*$J$47 -> 2.7537825 | AG33: by generation (PV size) | AH33: 2 | AI33: =$AU33+AQ33-AY33 -> 345.53873 | AJ33: =AV33+AR33-AZ33 -> 517.13103 | AK33: =AW33+AS33-BA33 -> 666.71643 | AL33: - | AM33: =IF($J$31="Annual",PMT($I$28,$J$30,$H$38),PMT($I$28/4,$J$30*4,$H$38)*4)* IF($AB$6=$B$55,$F$22,1) *IF($O$6=$B$57,1/12,1) -> -427.74695 | AQ33: =BG33*$I$34 -> 97.395187 | AR33: =BH33*$I$34 -> 76.499331 | AS33: =BI33*$I$34 -> 62.922716 | AU33: =BC$23*$I$33 -> 547.5 | AV33: =BD$23*$I$33 -> 1095 | AW33: =BE$23*$I$33 -> 1642.5 | AY33: =BK33*$J$35 -> 299.35645 | AZ33: =BL33*$J$35 -> 654.3683 | BA33: =BM33*$J$35 -> 1038.7063 | BC33: =BC$21*365/1000 *IF($AB$6=$B$55,$F$22,1) *IF($O$6=$B$57,1/12,1) -> 1.825 | BD33: =BD$21*365/1000 *IF($AB$6=$B$55,$F$22,1) *IF($O$6=$B$57,1/12,1) -> 3.65 | BE33: =BE$21*365/1000 *IF($AB$6=$B$55,$F$22,1) *IF($O$6=$B$57,1/12,1) -> 5.475 | BG33: =IFERROR(VLOOKUP(VLOOKUP($S$33,demoMap,2,FALSE)&VLOOKUP($AH33,systemMap,2,FALSE)&VLOOKUP(BG$21,consumptionMap,2,FALSE),rawDataTable,MATCH("export",rawDataTableRows,FALSE),FALSE)/1000 *IF($AB$6=$B$55,$F$22,1) *IF($O$6=$B$57,1/12,1),"-") -> 1.6232531 | BH33: =IFERROR(VLOOKUP(VLOOKUP($S$33,demoMap,2,FALSE)&VLOOKUP($AH33,systemMap,2,FALSE)&VLOOKUP(BH$21,consumptionMap,2,FALSE),rawDataTable,MATCH("export",rawDataTableRows,FALSE),FALSE)/1000 *IF($AB$6=$B$55,$F$22,1) *IF($O$6=$B$57,1/12,1),"-") -> 1.2749889 | BI33: =IFERROR(VLOOKUP(VLOOKUP($S$33,demoMap,2,FALSE)&VLOOKUP($AH33,systemMap,2,FALSE)&VLOOKUP(BI$21,consumptionMap,2,FALSE),rawDataTable,MATCH("export",rawDataTableRows,FALSE),FALSE)/1000 *IF($AB$6=$B$55,$F$22,1) *IF($O$6=$B$57,1/12,1),"-") -> 1.0487119 | BK33: =IFERROR(VLOOKUP(VLOOKUP($S$33,demoMap,2,FALSE)&VLOOKUP($AH33,systemMap,2,FALSE)&VLOOKUP(BK$21,consumptionMap,2,FALSE),rawDataTable,MATCH("import",rawDataTableRows,FALSE),FALSE)/1000 *IF($AB$6=$B$55,$F$22,1) *IF($O$6=$B$57,1/12,1),"-") -> 1.2452271 | BL33: =IFERROR(VLOOKUP(VLOOKUP($S$33,demoMap,2,FALSE)&VLOOKUP($AH33,systemMap,2,FALSE)&VLOOKUP(BL$21,consumptionMap,2,FALSE),rawDataTable,MATCH("import",rawDataTableRows,FALSE),FALSE)/1000 *IF($AB$6=$B$55,$F$22,1) *IF($O$6=$B$57,1/12,1),"-") -> 2.7219628 | BM33: =IFERROR(VLOOKUP(VLOOKUP($S$33,demoMap,2,FALSE)&VLOOKUP($AH33,systemMap,2,FALSE)&VLOOKUP(BM$21,consumptionMap,2,FALSE),rawDataTable,MATCH("import",rawDataTableRows,FALSE),FALSE)/1000 *IF($AB$6=$B$55,$F$22,1) *IF($O$6=$B$57,1/12,1),"-") -> 4.3206859 | BO33: =IFERROR(($AC33-BG33),"-") -> 0.57977291 | BP33: =IFERROR(($AC33-BH33),"-") -> 0.92803717 | BQ33: =IFERROR(($AC33-BI33),"-") -> 1.1543141
F34: > fed to grid | I34: 60 | X34: 3 | Y34: =AI34+$AM34 -> -200.06609 | Z34: =AJ34+$AM34 -> -10.600833 | AA34: =AK34+$AM34 -> 156.42111 | AC34: =IFERROR(VLOOKUP(VLOOKUP($S$33,demoMap,2,FALSE)&VLOOKUP($AH34,systemMap,2,FALSE)&VLOOKUP(BC$21,consumptionMap,2,FALSE),rawDataTable,MATCH("gen",rawDataTableRows,FALSE),FALSE)/1000 *IF($AB$6=$B$55,$F$22,1) *IF($O$6=$B$57,1/12,1),"-") -> 3.304539 | AE34: =(BP34+BH34)*$J$47 -> 4.1306738 | AH34: 3 | AI34: =AU34+AQ34-AY34 -> 419.20934 | AJ34: =AV34+AR34-AZ34 -> 608.6746 | AK34: =AW34+AS34-BA34 -> 775.69654 | AM34: =IF($J$31="Annual",PMT($I$28,$J$30,$H$39),PMT($I$28/4,$J$30*4,$H$39)*4) *IF($AB$6=$B$55,$F$22,1) *IF($O$6=$B$57,1/12,1) -> -619.27543 | AQ34: =BG34*$I$34 -> 160.965 | AR34: =BH34*$I$34 -> 134.12481 | AS34: =BI34*$I$34 -> 114.749 | AU34: =BC$23*$I$33 -> 547.5 | AV34: =BD$23*$I$33 -> 1095 | AW34: =BE$23*$I$33 -> 1642.5 | AY34: =BK34*$J$35 -> 289.25566 | AZ34: =BL34*$J$35 -> 620.45021 | BA34: =BM34*$J$35 -> 981.55245 | BC34: =BC$21*365/1000 *IF($AB$6=$B$55,$F$22,1) *IF($O$6=$B$57,1/12,1) -> 1.825 | BD34: =BD$21*365/1000 *IF($AB$6=$B$55,$F$22,1) *IF($O$6=$B$57,1/12,1) -> 3.65 | BE34: =BE$21*365/1000 *IF($AB$6=$B$55,$F$22,1) *IF($O$6=$B$57,1/12,1) -> 5.475 | BG34: =IFERROR(VLOOKUP(VLOOKUP($S$33,demoMap,2,FALSE)&VLOOKUP($AH34,systemMap,2,FALSE)&VLOOKUP(BG$21,consumptionMap,2,FALSE),rawDataTable,MATCH("export",rawDataTableRows,FALSE),FALSE)/1000 *IF($AB$6=$B$55,$F$22,1) *IF($O$6=$B$57,1/12,1),"-") -> 2.6827501 | BH34: =IFERROR(VLOOKUP(VLOOKUP($S$33,demoMap,2,FALSE)&VLOOKUP($AH34,systemMap,2,FALSE)&VLOOKUP(BH$21,consumptionMap,2,FALSE),rawDataTable,MATCH("export",rawDataTableRows,FALSE),FALSE)/1000 *IF($AB$6=$B$55,$F$22,1) *IF($O$6=$B$57,1/12,1),"-") -> 2.2354135 | BI34: =IFERROR(VLOOKUP(VLOOKUP($S$33,demoMap,2,FALSE)&VLOOKUP($AH34,systemMap,2,FALSE)&VLOOKUP(BI$21,consumptionMap,2,FALSE),rawDataTable,MATCH("export",rawDataTableRows,FALSE),FALSE)/1000 *IF($AB$6=$B$55,$F$22,1) *IF($O$6=$B$57,1/12,1),"-") -> 1.9124833 | BK34: =IFERROR(VLOOKUP(VLOOKUP($S$33,demoMap,2,FALSE)&VLOOKUP($AH34,systemMap,2,FALSE)&VLOOKUP(BK$21,consumptionMap,2,FALSE),rawDataTable,MATCH("import",rawDataTableRows,FALSE),FALSE)/1000 *IF($AB$6=$B$55,$F$22,1) *IF($O$6=$B$57,1/12,1),"-") -> 1.203211 | BL34: =IFERROR(VLOOKUP(VLOOKUP($S$33,demoMap,2,FALSE)&VLOOKUP($AH34,systemMap,2,FALSE)&VLOOKUP(BL$21,consumptionMap,2,FALSE),rawDataTable,MATCH("import",rawDataTableRows,FALSE),FALSE)/1000 *IF($AB$6=$B$55,$F$22,1) *IF($O$6=$B$57,1/12,1),"-") -> 2.5808744 | BM34: =IFERROR(VLOOKUP(VLOOKUP($S$33,demoMap,2,FALSE)&VLOOKUP($AH34,systemMap,2,FALSE)&VLOOKUP(BM$21,consumptionMap,2,FALSE),rawDataTable,MATCH("import",rawDataTableRows,FALSE),FALSE)/1000 *IF($AB$6=$B$55,$F$22,1) *IF($O$6=$B$57,1/12,1),"-") -> 4.0829442 | BO34: =IFERROR(($AC34-BG34),"-") -> 0.62178896 | BP34: =IFERROR(($AC34-BH34),"-") -> 1.0691256 | BQ34: =IFERROR(($AC34-BI34),"-") -> 1.3920558
F35: > imported from grid** | J35: =SUM(energyData!J:J)/SUM(energyData!G:G)*1000*I33/300 -> 240.4031 | O35: tonnes of CO2-e | X35: 4 | Y35: =AI35+$AM35 -> -278.02297 | Z35: =AJ35+$AM35 -> -75.036466 | AA35: =AK35+$AM35 -> 102.69892 | AC35: =IFERROR(VLOOKUP(VLOOKUP($S$33,demoMap,2,FALSE)&VLOOKUP($AH35,systemMap,2,FALSE)&VLOOKUP(BC$21,consumptionMap,2,FALSE),rawDataTable,MATCH("gen",rawDataTableRows,FALSE),FALSE)/1000 *IF($AB$6=$B$55,$F$22,1) *IF($O$6=$B$57,1/12,1),"-") -> 4.4060521 | AE35: =(BP35+BH35)*$J$47 -> 5.5075651 | AH35: 4 | AI35: =AU35+AQ35-AY35 -> 488.09096 | AJ35: =AV35+AR35-AZ35 -> 691.07747 | AK35: =AW35+AS35-BA35 -> 868.81286 | AM35: =IF($J$31="Annual",PMT($I$28,$J$30,$H$40),PMT($I$28/4,$J$30*4,$H$40)*4) *IF($AB$6=$B$55,$F$22,1) *IF($O$6=$B$57,1/12,1) -> -766.11393 | AQ35: =BG35*$I$34 -> 226.12758 | AR35: =BH35*$I$34 -> 194.79037 | AS35: =BI35*$I$34 -> 171.8514 | AU35: =BC$23*$I$33 -> 547.5 | AV35: =BD$23*$I$33 -> 1095 | AW35: =BE$23*$I$33 -> 1642.5 | AY35: =BK35*$J$35 -> 285.53662 | AZ35: =BL35*$J$35 -> 598.71291 | BA35: =BM35*$J$35 -> 945.53854 | BC35: =BC$21*365/1000 *IF($AB$6=$B$55,$F$22,1) *IF($O$6=$B$57,1/12,1) -> 1.825 | BD35: =BD$21*365/1000 *IF($AB$6=$B$55,$F$22,1) *IF($O$6=$B$57,1/12,1) -> 3.65 | BE35: =BE$21*365/1000 *IF($AB$6=$B$55,$F$22,1) *IF($O$6=$B$57,1/12,1) -> 5.475 | BG35: =IFERROR(VLOOKUP(VLOOKUP($S$33,demoMap,2,FALSE)&VLOOKUP($AH35,systemMap,2,FALSE)&VLOOKUP(BG$21,consumptionMap,2,FALSE),rawDataTable,MATCH("export",rawDataTableRows,FALSE),FALSE)/1000 *IF($AB$6=$B$55,$F$22,1) *IF($O$6=$B$57,1/12,1),"-") -> 3.7687931 | BH35: =IFERROR(VLOOKUP(VLOOKUP($S$33,demoMap,2,FALSE)&VLOOKUP($AH35,systemMap,2,FALSE)&VLOOKUP(BH$21,consumptionMap,2,FALSE),rawDataTable,MATCH("export",rawDataTableRows,FALSE),FALSE)/1000 *IF($AB$6=$B$55,$F$22,1) *IF($O$6=$B$57,1/12,1),"-") -> 3.2465062 | BI35: =IFERROR(VLOOKUP(VLOOKUP($S$33,demoMap,2,FALSE)&VLOOKUP($AH35,systemMap,2,FALSE)&VLOOKUP(BI$21,consumptionMap,2,FALSE),rawDataTable,MATCH("export",rawDataTableRows,FALSE),FALSE)/1000 *IF($AB$6=$B$55,$F$22,1) *IF($O$6=$B$57,1/12,1),"-") -> 2.8641899 | BK35: =IFERROR(VLOOKUP(VLOOKUP($S$33,demoMap,2,FALSE)&VLOOKUP($AH35,systemMap,2,FALSE)&VLOOKUP(BK$21,consumptionMap,2,FALSE),rawDataTable,MATCH("import",rawDataTableRows,FALSE),FALSE)/1000 *IF($AB$6=$B$55,$F$22,1) *IF($O$6=$B$57,1/12,1),"-") -> 1.187741 | BL35: =IFERROR(VLOOKUP(VLOOKUP($S$33,demoMap,2,FALSE)&VLOOKUP($AH35,systemMap,2,FALSE)&VLOOKUP(BL$21,consumptionMap,2,FALSE),rawDataTable,MATCH("import",rawDataTableRows,FALSE),FALSE)/1000 *IF($AB$6=$B$55,$F$22,1) *IF($O$6=$B$57,1/12,1),"-") -> 2.4904542 | BM35: =IFERROR(VLOOKUP(VLOOKUP($S$33,demoMap,2,FALSE)&VLOOKUP($AH35,systemMap,2,FALSE)&VLOOKUP(BM$21,consumptionMap,2,FALSE),rawDataTable,MATCH("import",rawDataTableRows,FALSE),FALSE)/1000 *IF($AB$6=$B$55,$F$22,1) *IF($O$6=$B$57,1/12,1),"-") -> 3.9331379 | BO35: =IFERROR(($AC35-BG35),"-") -> 0.63725899 | BP35: =IFERROR(($AC35-BH35),"-") -> 1.1595458 | BQ35: =IFERROR(($AC35-BI35),"-") -> 1.5418621
X36: 5 | Y36: =AI36+$AM36 -> -332.69022 | Z36: =AJ36+$AM36 -> -120.96348 | AA36: =AK36+$AM36 -> 67.774119 | AC36: =IFERROR(VLOOKUP(VLOOKUP($S$33,demoMap,2,FALSE)&VLOOKUP($AH36,systemMap,2,FALSE)&VLOOKUP(BC$21,consumptionMap,2,FALSE),rawDataTable,MATCH("gen",rawDataTableRows,FALSE),FALSE)/1000 *IF($AB$6=$B$55,$F$22,1) *IF($O$6=$B$57,1/12,1),"-") -> 5.5075651 | AE36: =(BP36+BH36)*$J$47 -> 6.8844563 | AH36: 5 | AI36: =AU36+AQ36-AY36 -> 554.72509 | AJ36: =AV36+AR36-AZ36 -> 766.45183 | AK36: =AW36+AS36-BA36 -> 955.18943 | AM36: =IF($J$31="Annual",PMT($I$28,$J$30,$H$41),PMT($I$28/4,$J$30*4,$H$41)*4) *IF($AB$6=$B$55,$F$22,1) *IF($O$6=$B$57,1/12,1) -> -887.41531 | AQ36: =BG36*$I$34 -> 292.03765 | AR36: =BH36*$I$34 -> 257.79354 | AS36: =BI36*$I$34 -> 231.19536 | AU36: =BC$23*$I$33 -> 547.5 | AV36: =BD$23*$I$33 -> 1095 | AW36: =BE$23*$I$33 -> 1642.5 | AY36: =BK36*$J$35 -> 284.81256 | AZ36: =BL36*$J$35 -> 586.34171 | BA36: =BM36*$J$35 -> 918.50593 | BC36: =BC$21*365/1000 *IF($AB$6=$B$55,$F$22,1) *IF($O$6=$B$57,1/12,1) -> 1.825 | BD36: =BD$21*365/1000 *IF($AB$6=$B$55,$F$22,1) *IF($O$6=$B$57,1/12,1) -> 3.65 | BE36: =BE$21*365/1000 *IF($AB$6=$B$55,$F$22,1) *IF($O$6=$B$57,1/12,1) -> 5.475 | BG36: =IFERROR(VLOOKUP(VLOOKUP($S$33,demoMap,2,FALSE)&VLOOKUP($AH36,systemMap,2,FALSE)&VLOOKUP(BG$21,consumptionMap,2,FALSE),rawDataTable,MATCH("export",rawDataTableRows,FALSE),FALSE)/1000 *IF($AB$6=$B$55,$F$22,1) *IF($O$6=$B$57,1/12,1),"-") -> 4.8672942 | BH36: =IFERROR(VLOOKUP(VLOOKUP($S$33,demoMap,2,FALSE)&VLOOKUP($AH36,systemMap,2,FALSE)&VLOOKUP(BH$21,consumptionMap,2,FALSE),rawDataTable,MATCH("export",rawDataTableRows,FALSE),FALSE)/1000 *IF($AB$6=$B$55,$F$22,1) *IF($O$6=$B$57,1/12,1),"-") -> 4.296559 | BI36: =IFERROR(VLOOKUP(VLOOKUP($S$33,demoMap,2,FALSE)&VLOOKUP($AH36,systemMap,2,FALSE)&VLOOKUP(BI$21,consumptionMap,2,FALSE),rawDataTable,MATCH("export",rawDataTableRows,FALSE),FALSE)/1000 *IF($AB$6=$B$55,$F$22,1) *IF($O$6=$B$57,1/12,1),"-") -> 3.8532559 | BK36: =IFERROR(VLOOKUP(VLOOKUP($S$33,demoMap,2,FALSE)&VLOOKUP($AH36,systemMap,2,FALSE)&VLOOKUP(BK$21,consumptionMap,2,FALSE),rawDataTable,MATCH("import",rawDataTableRows,FALSE),FALSE)/1000 *IF($AB$6=$B$55,$F$22,1) *IF($O$6=$B$57,1/12,1),"-") -> 1.1847292 | BL36: =IFERROR(VLOOKUP(VLOOKUP($S$33,demoMap,2,FALSE)&VLOOKUP($AH36,systemMap,2,FALSE)&VLOOKUP(BL$21,consumptionMap,2,FALSE),rawDataTable,MATCH("import",rawDataTableRows,FALSE),FALSE)/1000 *IF($AB$6=$B$55,$F$22,1) *IF($O$6=$B$57,1/12,1),"-") -> 2.438994 | BM36: =IFERROR(VLOOKUP(VLOOKUP($S$33,demoMap,2,FALSE)&VLOOKUP($AH36,systemMap,2,FALSE)&VLOOKUP(BM$21,consumptionMap,2,FALSE),rawDataTable,MATCH("import",rawDataTableRows,FALSE),FALSE)/1000 *IF($AB$6=$B$55,$F$22,1) *IF($O$6=$B$57,1/12,1),"-") -> 3.8206909 | BO36: =IFERROR(($AC36-BG36),"-") -> 0.64027083 | BP36: =IFERROR(($AC36-BH36),"-") -> 1.211006 | BQ36: =IFERROR(($AC36-BI36),"-") -> 1.6543091
B37: solar pv systems costs and required capital | F37: modelled PV system sizes | H37: unit cost | J37: required capital ($)
F38: 2 | H38: 3350 | J38: =$F$22*H38 -> 3350000 | O38: =AVERAGE(AC23:AC41) -> 3.8552955 | S38: Single occupant / Couple w/o children | U38: =AVERAGE(Y38:AA41) -> -92.23056 | W38: by generation (PV size) | X38: 2 | Y38: =AI38+$AM38 -> -116.30264 | Z38: =AJ38+$AM38 -> 44.590682 | AA38: =AK38+$AM38 -> 204.42408 | AC38: =IFERROR(VLOOKUP(VLOOKUP($S$38,demoMap,2,FALSE)&VLOOKUP($AH38,systemMap,2,FALSE)&VLOOKUP(BC$21,consumptionMap,2,FALSE),rawDataTable,MATCH("gen",rawDataTableRows,FALSE),FALSE)/1000 *IF($AB$6=$B$55,$F$22,1) *IF($O$6=$B$57,1/12,1),"-") -> 2.203026 | AE38: =(BP38+BH38)*$J$47 -> 2.7537825 | AG38: by generation (PV size) | AH38: 2 | AI38: =$AU38+AQ38-AY38 -> 311.44431 | AJ38: =AV38+AR38-AZ38 -> 472.33763 | AK38: =AW38+AS38-BA38 -> 632.17102 | AL38: - | AM38: =IF($J$31="Annual",PMT($I$28,$J$30,$H$38),PMT($I$28/4,$J$30*4,$H$38)*4)* IF($AB$6=$B$55,$F$22,1) *IF($O$6=$B$57,1/12,1) -> -427.74695 | AQ38: =BG38*$I$34 -> 108.7346 | AR38: =BH38*$I$34 -> 91.397102 | AS38: =BI38*$I$34 -> 74.412121 | AU38: =BC$23*$I$33 -> 547.5 | AV38: =BD$23*$I$33 -> 1095 | AW38: =BE$23*$I$33 -> 1642.5 | AY38: =BK38*$J$35 -> 344.79029 | AZ38: =BL38*$J$35 -> 714.05947 | BA38: =BM38*$J$35 -> 1084.7411 | BC38: =BC$21*365/1000 *IF($AB$6=$B$55,$F$22,1) *IF($O$6=$B$57,1/12,1) -> 1.825 | BD38: =BD$21*365/1000 *IF($AB$6=$B$55,$F$22,1) *IF($O$6=$B$57,1/12,1) -> 3.65 | BE38: =BE$21*365/1000 *IF($AB$6=$B$55,$F$22,1) *IF($O$6=$B$57,1/12,1) -> 5.475 | BG38: =IFERROR(VLOOKUP(VLOOKUP($S$38,demoMap,2,FALSE)&VLOOKUP($AH38,systemMap,2,FALSE)&VLOOKUP(BG$21,consumptionMap,2,FALSE),rawDataTable,MATCH("export",rawDataTableRows,FALSE),FALSE)/1000 *IF($AB$6=$B$55,$F$22,1) *IF($O$6=$B$57,1/12,1),"-") -> 1.8122434 | BH38: =IFERROR(VLOOKUP(VLOOKUP($S$38,demoMap,2,FALSE)&VLOOKUP($AH38,systemMap,2,FALSE)&VLOOKUP(BH$21,consumptionMap,2,FALSE),rawDataTable,MATCH("export",rawDataTableRows,FALSE),FALSE)/1000 *IF($AB$6=$B$55,$F$22,1) *IF($O$6=$B$57,1/12,1),"-") -> 1.523285 | BI38: =IFERROR(VLOOKUP(VLOOKUP($S$38,demoMap,2,FALSE)&VLOOKUP($AH38,systemMap,2,FALSE)&VLOOKUP(BI$21,consumptionMap,2,FALSE),rawDataTable,MATCH("export",rawDataTableRows,FALSE),FALSE)/1000 *IF($AB$6=$B$55,$F$22,1) *IF($O$6=$B$57,1/12,1),"-") -> 1.240202 | BK38: =IFERROR(VLOOKUP(VLOOKUP($S$38,demoMap,2,FALSE)&VLOOKUP($AH38,systemMap,2,FALSE)&VLOOKUP(BK$21,consumptionMap,2,FALSE),rawDataTable,MATCH("import",rawDataTableRows,FALSE),FALSE)/1000 *IF($AB$6=$B$55,$F$22,1) *IF($O$6=$B$57,1/12,1),"-") -> 1.4342173 | BL38: =IFERROR(VLOOKUP(VLOOKUP($S$38,demoMap,2,FALSE)&VLOOKUP($AH38,systemMap,2,FALSE)&VLOOKUP(BL$21,consumptionMap,2,FALSE),rawDataTable,MATCH("import",rawDataTableRows,FALSE),FALSE)/1000 *IF($AB$6=$B$55,$F$22,1) *IF($O$6=$B$57,1/12,1),"-") -> 2.970259 | BM38: =IFERROR(VLOOKUP(VLOOKUP($S$38,demoMap,2,FALSE)&VLOOKUP($AH38,systemMap,2,FALSE)&VLOOKUP(BM$21,consumptionMap,2,FALSE),rawDataTable,MATCH("import",rawDataTableRows,FALSE),FALSE)/1000 *IF($AB$6=$B$55,$F$22,1) *IF($O$6=$B$57,1/12,1),"-") -> 4.512176 | BO38: =IFERROR(($AC38-BG38),"-") -> 0.39078266 | BP38: =IFERROR(($AC38-BH38),"-") -> 0.67974099 | BQ38: =IFERROR(($AC38-BI38),"-") -> 0.962824
F39: 3 | H39: 4850 | J39: =$F$22*H39 -> 4850000 | X39: 3 | Y39: =AI39+$AM39 -> -235.45843 | Z39: =AJ39+$AM39 -> -71.662308 | AA39: =AK39+$AM39 -> 89.231013 | AC39: =IFERROR(VLOOKUP(VLOOKUP($S$38,demoMap,2,FALSE)&VLOOKUP($AH39,systemMap,2,FALSE)&VLOOKUP(BC$21,consumptionMap,2,FALSE),rawDataTable,MATCH("gen",rawDataTableRows,FALSE),FALSE)/1000 *IF($AB$6=$B$55,$F$22,1) *IF($O$6=$B$57,1/12,1),"-") -> 3.304539 | AE39: =(BP39+BH39)*$J$47 -> 4.1306738 | AH39: 3 | AI39: =AU39+AQ39-AY39 -> 383.817 | AJ39: =AV39+AR39-AZ39 -> 547.61312 | AK39: =AW39+AS39-BA39 -> 708.50644 | AM39: =IF($J$31="Annual",PMT($I$28,$J$30,$H$39),PMT($I$28/4,$J$30*4,$H$39)*4) *IF($AB$6=$B$55,$F$22,1) *IF($O$6=$B$57,1/12,1) -> -619.27543 | AQ39: =BG39*$I$34 -> 172.73609 | AR39: =BH39*$I$34 -> 154.43315 | AS39: =BI39*$I$34 -> 137.09565 | AU39: =BC$23*$I$33 -> 547.5 | AV39: =BD$23*$I$33 -> 1095 | AW39: =BE$23*$I$33 -> 1642.5 | AY39: =BK39*$J$35 -> 336.41909 | AZ39: =BL39*$J$35 -> 701.82003 | BA39: =BM39*$J$35 -> 1071.0892 | BC39: =BC$21*365/1000 *IF($AB$6=$B$55,$F$22,1) *IF($O$6=$B$57,1/12,1) -> 1.825 | BD39: =BD$21*365/1000 *IF($AB$6=$B$55,$F$22,1) *IF($O$6=$B$57,1/12,1) -> 3.65 | BE39: =BE$21*365/1000 *IF($AB$6=$B$55,$F$22,1) *IF($O$6=$B$57,1/12,1) -> 5.475 | BG39: =IFERROR(VLOOKUP(VLOOKUP($S$38,demoMap,2,FALSE)&VLOOKUP($AH39,systemMap,2,FALSE)&VLOOKUP(BG$21,consumptionMap,2,FALSE),rawDataTable,MATCH("export",rawDataTableRows,FALSE),FALSE)/1000 *IF($AB$6=$B$55,$F$22,1) *IF($O$6=$B$57,1/12,1),"-") -> 2.8789348 | BH39: =IFERROR(VLOOKUP(VLOOKUP($S$38,demoMap,2,FALSE)&VLOOKUP($AH39,systemMap,2,FALSE)&VLOOKUP(BH$21,consumptionMap,2,FALSE),rawDataTable,MATCH("export",rawDataTableRows,FALSE),FALSE)/1000 *IF($AB$6=$B$55,$F$22,1) *IF($O$6=$B$57,1/12,1),"-") -> 2.5738859 | BI39: =IFERROR(VLOOKUP(VLOOKUP($S$38,demoMap,2,FALSE)&VLOOKUP($AH39,systemMap,2,FALSE)&VLOOKUP(BI$21,consumptionMap,2,FALSE),rawDataTable,MATCH("export",rawDataTableRows,FALSE),FALSE)/1000 *IF($AB$6=$B$55,$F$22,1) *IF($O$6=$B$57,1/12,1),"-") -> 2.2849276 | BK39: =IFERROR(VLOOKUP(VLOOKUP($S$38,demoMap,2,FALSE)&VLOOKUP($AH39,systemMap,2,FALSE)&VLOOKUP(BK$21,consumptionMap,2,FALSE),rawDataTable,MATCH("import",rawDataTableRows,FALSE),FALSE)/1000 *IF($AB$6=$B$55,$F$22,1) *IF($O$6=$B$57,1/12,1),"-") -> 1.3993958 | BL39: =IFERROR(VLOOKUP(VLOOKUP($S$38,demoMap,2,FALSE)&VLOOKUP($AH39,systemMap,2,FALSE)&VLOOKUP(BL$21,consumptionMap,2,FALSE),rawDataTable,MATCH("import",rawDataTableRows,FALSE),FALSE)/1000 *IF($AB$6=$B$55,$F$22,1) *IF($O$6=$B$57,1/12,1),"-") -> 2.9193468 | BM39: =IFERROR(VLOOKUP(VLOOKUP($S$38,demoMap,2,FALSE)&VLOOKUP($AH39,systemMap,2,FALSE)&VLOOKUP(BM$21,consumptionMap,2,FALSE),rawDataTable,MATCH("import",rawDataTableRows,FALSE),FALSE)/1000 *IF($AB$6=$B$55,$F$22,1) *IF($O$6=$B$57,1/12,1),"-") -> 4.4553885 | BO39: =IFERROR(($AC39-BG39),"-") -> 0.42560421 | BP39: =IFERROR(($AC39-BH39),"-") -> 0.73065315 | BQ39: =IFERROR(($AC39-BI39),"-") -> 1.0196115
F40: 4 | H40: 6000 | J40: =$F$22*H40 -> 6000000 | O40: MWh of clean energy | X40: 4 | Y40: =AI40+$AM40 -> -311.76424 | Z40: =AJ40+$AM40 -> -143.22532 | AA40: =AK40+$AM40 -> 17.668002 | AC40: =IFERROR(VLOOKUP(VLOOKUP($S$38,demoMap,2,FALSE)&VLOOKUP($AH40,systemMap,2,FALSE)&VLOOKUP(BC$21,consumptionMap,2,FALSE),rawDataTable,MATCH("gen",rawDataTableRows,FALSE),FALSE)/1000 *IF($AB$6=$B$55,$F$22,1) *IF($O$6=$B$57,1/12,1),"-") -> 4.4060521 | AE40: =(BP40+BH40)*$J$47 -> 5.5075651 | AH40: 4 | AI40: =AU40+AQ40-AY40 -> 454.34969 | AJ40: =AV40+AR40-AZ40 -> 622.88861 | AK40: =AW40+AS40-BA40 -> 783.78194 | AM40: =IF($J$31="Annual",PMT($I$28,$J$30,$H$40),PMT($I$28/4,$J$30*4,$H$40)*4) *IF($AB$6=$B$55,$F$22,1) *IF($O$6=$B$57,1/12,1) -> -766.11393 | AQ40: =BG40*$I$34 -> 237.34954 | AR40: =BH40*$I$34 -> 217.4692 | AS40: =BI40*$I$34 -> 200.1317 | AU40: =BC$23*$I$33 -> 547.5 | AV40: =BD$23*$I$33 -> 1095 | AW40: =BE$23*$I$33 -> 1642.5 | AY40: =BK40*$J$35 -> 330.49985 | AZ40: =BL40*$J$35 -> 689.58059 | BA40: =BM40*$J$35 -> 1058.8498 | BC40: =BC$21*365/1000 *IF($AB$6=$B$55,$F$22,1) *IF($O$6=$B$57,1/12,1) -> 1.825 | BD40: =BD$21*365/1000 *IF($AB$6=$B$55,$F$22,1) *IF($O$6=$B$57,1/12,1) -> 3.65 | BE40: =BE$21*365/1000 *IF($AB$6=$B$55,$F$22,1) *IF($O$6=$B$57,1/12,1) -> 5.475 | BG40: =IFERROR(VLOOKUP(VLOOKUP($S$38,demoMap,2,FALSE)&VLOOKUP($AH40,systemMap,2,FALSE)&VLOOKUP(BG$21,consumptionMap,2,FALSE),rawDataTable,MATCH("export",rawDataTableRows,FALSE),FALSE)/1000 *IF($AB$6=$B$55,$F$22,1) *IF($O$6=$B$57,1/12,1),"-") -> 3.9558257 | BH40: =IFERROR(VLOOKUP(VLOOKUP($S$38,demoMap,2,FALSE)&VLOOKUP($AH40,systemMap,2,FALSE)&VLOOKUP(BH$21,consumptionMap,2,FALSE),rawDataTable,MATCH("export",rawDataTableRows,FALSE),FALSE)/1000 *IF($AB$6=$B$55,$F$22,1) *IF($O$6=$B$57,1/12,1),"-") -> 3.6244867 | BI40: =IFERROR(VLOOKUP(VLOOKUP($S$38,demoMap,2,FALSE)&VLOOKUP($AH40,systemMap,2,FALSE)&VLOOKUP(BI$21,consumptionMap,2,FALSE),rawDataTable,MATCH("export",rawDataTableRows,FALSE),FALSE)/1000 *IF($AB$6=$B$55,$F$22,1) *IF($O$6=$B$57,1/12,1),"-") -> 3.3355284 | BK40: =IFERROR(VLOOKUP(VLOOKUP($S$38,demoMap,2,FALSE)&VLOOKUP($AH40,systemMap,2,FALSE)&VLOOKUP(BK$21,consumptionMap,2,FALSE),rawDataTable,MATCH("import",rawDataTableRows,FALSE),FALSE)/1000 *IF($AB$6=$B$55,$F$22,1) *IF($O$6=$B$57,1/12,1),"-") -> 1.3747737 | BL40: =IFERROR(VLOOKUP(VLOOKUP($S$38,demoMap,2,FALSE)&VLOOKUP($AH40,systemMap,2,FALSE)&VLOOKUP(BL$21,consumptionMap,2,FALSE),rawDataTable,MATCH("import",rawDataTableRows,FALSE),FALSE)/1000 *IF($AB$6=$B$55,$F$22,1) *IF($O$6=$B$57,1/12,1),"-") -> 2.8684347 | BM40: =IFERROR(VLOOKUP(VLOOKUP($S$38,demoMap,2,FALSE)&VLOOKUP($AH40,systemMap,2,FALSE)&VLOOKUP(BM$21,consumptionMap,2,FALSE),rawDataTable,MATCH("import",rawDataTableRows,FALSE),FALSE)/1000 *IF($AB$6=$B$55,$F$22,1) *IF($O$6=$B$57,1/12,1),"-") -> 4.4044764 | BO40: =IFERROR(($AC40-BG40),"-") -> 0.45022632 | BP40: =IFERROR(($AC40-BH40),"-") -> 0.78156532 | BQ40: =IFERROR(($AC40-BI40),"-") -> 1.0705236
F41: 5 | H41: 6950 | J41: =$F$22*H41 -> 6950000 | X41: 5 | Y41: =AI41+$AM41 -> -364.56412 | Z41: =AJ41+$AM41 -> -191.34556 | AA41: =AK41+$AM41 -> -28.357878 | AC41: =IFERROR(VLOOKUP(VLOOKUP($S$38,demoMap,2,FALSE)&VLOOKUP($AH41,systemMap,2,FALSE)&VLOOKUP(BC$21,consumptionMap,2,FALSE),rawDataTable,MATCH("gen",rawDataTableRows,FALSE),FALSE)/1000 *IF($AB$6=$B$55,$F$22,1) *IF($O$6=$B$57,1/12,1),"-") -> 5.5075651 | AE41: =(BP41+BH41)*$J$47 -> 6.8844563 | AH41: 5 | AI41: =AU41+AQ41-AY41 -> 522.85118 | AJ41: =AV41+AR41-AZ41 -> 696.06974 | AK41: =AW41+AS41-BA41 -> 859.05743 | AM41: =IF($J$31="Annual",PMT($I$28,$J$30,$H$41),PMT($I$28/4,$J$30*4,$H$41)*4) *IF($AB$6=$B$55,$F$22,1) *IF($O$6=$B$57,1/12,1) -> -887.41531 | AQ41: =BG41*$I$34 -> 302.63855 | AR41: =BH41*$I$34 -> 281.20182 | AS41: =BI41*$I$34 -> 263.16776 | AU41: =BC$23*$I$33 -> 547.5 | AV41: =BD$23*$I$33 -> 1095 | AW41: =BE$23*$I$33 -> 1642.5 | AY41: =BK41*$J$35 -> 327.28737 | AZ41: =BL41*$J$35 -> 680.13207 | BA41: =BM41*$J$35 -> 1046.6103 | BC41: =BC$21*365/1000 *IF($AB$6=$B$55,$F$22,1) *IF($O$6=$B$57,1/12,1) -> 1.825 | BD41: =BD$21*365/1000 *IF($AB$6=$B$55,$F$22,1) *IF($O$6=$B$57,1/12,1) -> 3.65 | BE41: =BE$21*365/1000 *IF($AB$6=$B$55,$F$22,1) *IF($O$6=$B$57,1/12,1) -> 5.475 | BG41: =IFERROR(VLOOKUP(VLOOKUP($S$38,demoMap,2,FALSE)&VLOOKUP($AH41,systemMap,2,FALSE)&VLOOKUP(BG$21,consumptionMap,2,FALSE),rawDataTable,MATCH("export",rawDataTableRows,FALSE),FALSE)/1000 *IF($AB$6=$B$55,$F$22,1) *IF($O$6=$B$57,1/12,1),"-") -> 5.0439758 | BH41: =IFERROR(VLOOKUP(VLOOKUP($S$38,demoMap,2,FALSE)&VLOOKUP($AH41,systemMap,2,FALSE)&VLOOKUP(BH$21,consumptionMap,2,FALSE),rawDataTable,MATCH("export",rawDataTableRows,FALSE),FALSE)/1000 *IF($AB$6=$B$55,$F$22,1) *IF($O$6=$B$57,1/12,1),"-") -> 4.6866969 | BI41: =IFERROR(VLOOKUP(VLOOKUP($S$38,demoMap,2,FALSE)&VLOOKUP($AH41,systemMap,2,FALSE)&VLOOKUP(BI$21,consumptionMap,2,FALSE),rawDataTable,MATCH("export",rawDataTableRows,FALSE),FALSE)/1000 *IF($AB$6=$B$55,$F$22,1) *IF($O$6=$B$57,1/12,1),"-") -> 4.3861293 | BK41: =IFERROR(VLOOKUP(VLOOKUP($S$38,demoMap,2,FALSE)&VLOOKUP($AH41,systemMap,2,FALSE)&VLOOKUP(BK$21,consumptionMap,2,FALSE),rawDataTable,MATCH("import",rawDataTableRows,FALSE),FALSE)/1000 *IF($AB$6=$B$55,$F$22,1) *IF($O$6=$B$57,1/12,1),"-") -> 1.3614108 | BL41: =IFERROR(VLOOKUP(VLOOKUP($S$38,demoMap,2,FALSE)&VLOOKUP($AH41,systemMap,2,FALSE)&VLOOKUP(BL$21,consumptionMap,2,FALSE),rawDataTable,MATCH("import",rawDataTableRows,FALSE),FALSE)/1000 *IF($AB$6=$B$55,$F$22,1) *IF($O$6=$B$57,1/12,1),"-") -> 2.8291319 | BM41: =IFERROR(VLOOKUP(VLOOKUP($S$38,demoMap,2,FALSE)&VLOOKUP($AH41,systemMap,2,FALSE)&VLOOKUP(BM$21,consumptionMap,2,FALSE),rawDataTable,MATCH("import",rawDataTableRows,FALSE),FALSE)/1000 *IF($AB$6=$B$55,$F$22,1) *IF($O$6=$B$57,1/12,1),"-") -> 4.3535642 | BO41: =IFERROR(($AC41-BG41),"-") -> 0.46358925 | BP41: =IFERROR(($AC41-BH41),"-") -> 0.82086812 | BQ41: =IFERROR(($AC41-BI41),"-") -> 1.1214358
B45: * required leverage is calculated as the debt required to finance a program of (equally) mixed system sizes. | O45: ^ further descriptions of household types modelled by MEFL are provided below
B46: ** value of energy imported is based on MEFL analysis and matching of the solar generation and typical demand pattern of household types. | O46: Single occupant / Couple w/o children | S46: 1-2 people living in the home, all occupants working 9-5 Monday to Friday
B47: *** assumed Victorian grid emissions factor (scope 2 and 3) | I47: 1 MWh = | J47: 1.25 | K47: tCO2-e | O47: Family type 1 (Couple with children) | S47: Couple with children, both parents working
O48: Family type 2 (1-2 working occupants) | S48: 1-2 people living in the home, all occupants working 9-5 Monday to Friday
O49: Retirees (1-2 occupants) | S49: 1-2 people living in the home, generally at home during
B53: model list options | I53: Conditional formatting | M53: Min | N53: Max
B54: shown per household | I54: per household net annual | M54: -1000 | N54: 1000
B55: shown for all participating households | I55: =AB6&O6 -> shown per householdnet annual benefit | M55: =IF(AB6=B54,1,F22)*IF(O6=B58,1,1/12)*M54 -> -1000 | N55: =IF(AB6=B54,1,F22)*IF(O6=B58,1,1/12)*N54 -> 1000
B57: net monthly benefit
B58: net annual benefit

Sheet energyData
A1: Key | C1: isgen | D1: demand | E1: gen | F1: export | G1: import | H1: current cost | I1: new export income | J1: new import cost | K1: new cost | L1: reduction | M1: monthly max current cost | N1: monthly avg current cost | O1: monthly max new cost | P1: monthly avg new cost | Q1: monthly min reduction | R1: monthly avg reduction | S1: annual export fraction | T1: annual reduction | U1: payback | V1: demographic | W1: systemsize | X1: consumption | Y1: net saving at 0 over 10 | Z1: net saving at 2.5 over 10 | AA1: net saving at 5 over 10 | AB1: net saving at 8 over 10 | AC1: net saving at 15 over 10 | AD1: net saving at 6 over 3
A2: =V2&W2&X2 -> SingleCouple2.0 kW5 kWh | B2: 0 | C2: 365.30417 | D2: 1825 | E2: 2203.026 | F2: 1812.2434 | G2: 1434.2173 | H2: 547.5 | I2: 108.7346 | J2: 347.88276 | K2: 239.14816 | L2: 308.35184 | M2: 45.625 | N2: 45.625 | O2: 27.892083 | P2: 19.929013 | Q2: 17.732917 | R2: 25.695987 | S2: 0.82261551 | T2: 308.35184 | U2: 10.896643 | V2: SingleCouple | W2: 2.0 kW | X2: 5 kWh | Y2: -2.304013 | Z2: -9.304013 | AA2: -16.304013 | AB2: -24.304013 | AC2: -44.304013 | AD2: -84.304013
A3: =V3&W3&X3 -> SingleCouple3.0 kW5 kWh | B3: 1 | C3: 365.30417 | D3: 1825 | E3: 3304.539 | F3: 2878.9348 | G3: 1399.3958 | H3: 547.5 | I3: 172.73609 | J3: 337.82804 | K3: 165.09195 | L3: 382.40805 | M3: 45.625 | N3: 45.625 | O3: 24.72875 | P3: 13.757662 | Q3: 20.89625 | R3: 31.867338 | S3: 0.87120618 | T3: 382.40805 | U3: 12.724627 | V3: SingleCouple | W3: 3.0 kW | X3: 5 kWh | Y3: -9.1326621 | Z3: -19.132662 | AA3: -29.132662 | AB3: -41.132662 | AC3: -69.132662 | AD3: -127.13266
A4: =V4&W4&X4 -> SingleCouple4.0 kW5 kWh | B4: 2 | C4: 365.30417 | D4: 1825 | E4: 4406.0521 | F4: 3955.8257 | G4: 1374.7737 | H4: 547.5 | I4: 237.34954 | J4: 330.7184 | K4: 93.368856 | L4: 454.13114 | M4: 45.625 | N4: 45.625 | O4: 21.565417 | P4: 7.780738 | Q4: 24.059583 | R4: 37.844262 | S4: 0.89781639 | T4: 454.13114 | U4: 13.249477 | V4: SingleCouple | W4: 4.0 kW | X4: 5 kWh | Y4: -12.155738 | Z4: -25.155738 | AA4: -37.155738 | AB4: -52.155738 | AC4: -87.155738 | AD4: -159.15574
A5: =V5&W5&X5 -> SingleCouple5.0 kW5 kWh | B5: 3 | C5: 365.30417 | D5: 1825 | E5: 5507.5651 | F5: 5043.9758 | G5: 1361.4108 | H5: 547.5 | I5: 302.63855 | J5: 326.85985 | K5: 24.221306 | L5: 523.27869 | M5: 45.625 | N5: 45.625 | O5: 18.402083 | P5: 2.0184422 | Q5: 27.222917 | R5: 43.606558 | S5: 0.91582682 | T5: 523.27869 | U5: 13.281641 | V5: SingleCouple | W5: 5.0 kW | X5: 5 kWh | Y5: -14.393442 | Z5: -28.393442 | AA5: -43.393442 | AB5: -60.393442 | AC5: -101.39344 | AD5: -184.39344
A6: =V6&W6&X6 -> FamilyType12.0 kW5 kWh | B6: 4 | C6: 365.30417 | D6: 1825 | E6: 2203.026 | F6: 1623.2531 | G6: 1245.2271 | H6: 547.5 | I6: 97.395187 | J6: 296.6242 | K6: 199.22901 | L6: 348.27099 | M6: 45.625 | N6: 45.625 | O6: 26.475975 | P6: 16.602418 | Q6: 19.149025 | R6: 29.022582 | S6: 0.73682884 | T6: 348.27099 | U6: 9.6476597 | V6: FamilyType1 | W6: 2.0 kW | X6: 5 kWh | Y6: 1.0225824 | Z6: -5.9774176 | AA6: -12.977418 | AB6: -20.977418 | AC6: -40.977418 | AD6: -80.977418
A7: =V7&W7&X7 -> FamilyType13.0 kW5 kWh | B7: 5 | C7: 365.30417 | D7: 1825 | E7: 3304.539 | F7: 2682.7501 | G7: 1203.211 | H7: 547.5 | I7: 160.965 | J7: 284.49206 | K7: 123.52706 | L7: 423.97294 | M7: 45.625 | N7: 45.625 | O7: 23.265328 | P7: 10.293922 | Q7: 22.359672 | R7: 35.331078 | S7: 0.81183791 | T7: 423.97294 | U7: 11.477148 | V7: FamilyType1 | W7: 3.0 kW | X7: 5 kWh | Y7: -5.6689215 | Z7: -15.668922 | AA7: -25.668922 | AB7: -37.668922 | AC7: -65.668922 | AD7: -123.66892
A8: =V8&W8&X8 -> FamilyType14.0 kW5 kWh | B8: 6 | C8: 365.30417 | D8: 1825 | E8: 4406.0521 | F8: 3768.7931 | G8: 1187.741 | H8: 547.5 | I8: 226.12758 | J8: 280.02509 | K8: 53.897507 | L8: 493.60249 | M8: 45.625 | N8: 45.625 | O8: 20.101995 | P8: 4.4914589 | Q8: 25.523005 | R8: 41.133541 | S8: 0.85536735 | T8: 493.60249 | U8: 12.189971 | V8: FamilyType1 | W8: 4.0 kW | X8: 5 kWh | Y8: -8.8664589 | Z8: -21.866459 | AA8: -33.866459 | AB8: -48.866459 | AC8: -83.866459 | AD8: -155.86646
A9: =V9&W9&X9 -> FamilyType15.0 kW5 kWh | B9: 7 | C9: 365.30417 | D9: 1825 | E9: 5507.5651 | F9: 4867.2942 | G9: 1184.7292 | H9: 547.5 | I9: 292.03765 | J9: 279.15542 | K9: -12.882232 | L9: 560.38223 | M9: 45.625 | N9: 45.625 | O9: 16.938661 | P9: -1.0735193 | Q9: 28.686339 | R9: 46.698519 | S9: 0.88374702 | T9: 560.38223 | U9: 12.402249 | V9: FamilyType1 | W9: 5.0 kW | X9: 5 kWh | Y9: -11.301481 | Z9: -25.301481 | AA9: -40.301481 | AB9: -57.301481 | AC9: -98.301481 | AD9: -181.30148
A10: =V10&W10&X10 -> FamilyType22.0 kW5 kWh | B10: 8 | C10: 365.30417 | D10: 1825 | E10: 2203.026 | F10: 1427.3999 | G10: 1049.3739 | H10: 547.5 | I10: 85.643996 | J10: 243.38396 | K10: 157.73997 | L10: 389.76003 | M10: 45.625 | N10: 45.625 | O10: 23.2731 | P10: 13.144997 | Q10: 22.3519 | R10: 32.480003 | S10: 0.64792695 | T10: 389.76003 | U10: 8.620689 | V10: FamilyType2 | W10: 2.0 kW | X10: 5 kWh | Y10: 4.4800026 | Z10: -2.5199974 | AA10: -9.5199974 | AB10: -17.519997 | AC10: -37.519997 | AD10: -77.519997
A11: =V11&W11&X11 -> FamilyType23.0 kW5 kWh | B11: 9 | C11: 365.30417 | D11: 1825 | E11: 3304.539 | F11: 2500.4617 | G11: 1020.9227 | H11: 547.5 | I11: 150.0277 | J11: 235.16867 | K11: 85.140966 | L11: 462.35903 | M11: 45.625 | N11: 45.625 | O11: 20.062453 | P11: 7.0950805 | Q11: 25.562547 | R11: 38.529919 | S11: 0.75667489 | T11: 462.35903 | U11: 10.524289 | V11: FamilyType2 | W11: 3.0 kW | X11: 5 kWh | Y11: -2.4700805 | Z11: -12.470081 | AA11: -22.470081 | AB11: -34.470081 | AC11: -62.470081 | AD11: -120.47008
A12: =V12&W12&X12 -> FamilyType24.0 kW5 kWh | B12: 10 | C12: 365.30417 | D12: 1825 | E12: 4406.0521 | F12: 3600.0104 | G12: 1018.9583 | H12: 547.5 | I12: 216.00062 | J12: 234.60147 | K12: 18.600846 | L12: 528.89915 | M12: 45.625 | N12: 45.625 | O12: 16.89912 | P12: 1.5500705 | Q12: 28.72588 | R12: 44.07493 | S12: 0.81706034 | T12: 528.89915 | U12: 11.37646 | V12: FamilyType2 | W12: 4.0 kW | X12: 5 kWh | Y12: -5.9250705 | Z12: -18.92507 | AA12: -30.92507 | AB12: -45.92507 | AC12: -80.92507 | AD12: -152.92507
A13: =V13&W13&X13 -> FamilyType25.0 kW5 kWh | B13: 11 | C13: 365.30417 | D13: 1825 | E13: 5507.5651 | F13: 4701.5234 | G13: 1018.9583 | H13: 547.5 | I13: 282.0914 | J13: 234.60147 | K13: -47.489935 | L13: 594.98994 | M13: 45.625 | N13: 45.625 | O13: 13.735786 | P13: -3.9574946 | Q13: 31.889214 | R13: 49.582495 | S13: 0.85364827 | T13: 594.98994 | U13: 11.68087 | V13: FamilyType2 | W13: 5.0 kW | X13: 5 kWh | Y13: -8.4175054 | Z13: -22.417505 | AA13: -37.417505 | AB13: -54.417505 | AC13: -95.417505 | AD13: -178.41751
... A49: =V49&W49&X49 -> Retirees5.0 kW15 kWh | B49: 47 | C49: 365.30417 | D49: 5475 | E49: 5507.5651 | F49: 2716.6008 | G49: 2684.0357 | H49: 1642.5 | I49: 162.99605 | J49: 645.8327 | K49: 482.83665 | L49: 1159.6634 | M49: 136.875 | N49: 136.875 | O49: 68.172571 | P49: 40.236387 | Q49: 68.702429 | R49: 96.638613 | S49: 0.49324897 | T49: 1159.6634 | U49: 5.9931186 | V49: Retirees | W49: 5.0 kW | X49: 15 kWh | Y49: 38.638613 | Z49: 24.638613 | AA49: 9.6386127 | AB49: -7.3613873 | AC49: -48.361387 | AD49: -131.36139

Sheet demographicData
A1: LGA | B1: All Households | C1: All People | D1: Households Low Income All | E1: Households Low Income Home-Owner | F1: Households Receiving Rebate | G1: People Age Pension
A2: Alpine | B2: 6932 | C2: 11881 | D2: 1541 | E2: 1021 | F2: 1234 | G2: 2150
A3: Ararat | B3: 5216 | C3: 11183 | D3: 1336 | E3: 893 | F3: 1426 | G3: 1834
A4: Ballarat | B4: 40473 | C4: 93501 | D4: 9362 | E4: 5155 | F4: 8346 | G4: 12034
A5: Banyule | B5: 48197 | C5: 118306 | D5: 8163 | E5: 5178 | F5: 8839 | G5: 13238
A6: Bass Coast | B6: 24181 | C6: 29614 | D6: 3776 | E6: 2491 | F6: 4307 | G6: 6065
A7: Baw Baw | B7: 18697 | C7: 42864 | D7: 3973 | E7: 2662 | F7: 3330 | G7: 6260
A8: Bayside | B8: 37961 | C8: 91814 | D8: 5321 | E8: 3478 | F8: 6762 | G8: 7951
A9: Benalla | B9: 6632 | C9: 13647 | D9: 1719 | E9: 1014 | F9: 1181 | G9: 2420
A10: Boroondara | B10: 65154 | C10: 159184 | D10: 8468 | E10: 5267 | F10: 5950 | G10: 10373
A11: Brimbank | B11: 65422 | C11: 182735 | D11: 13505 | E11: 8909 | F11: 17409 | G11: 20343
A12: Buloke | B12: 3279 | C12: 6384 | D12: 950 | E12: 721 | F12: 922 | G12: 1145
A13: Campaspe | B13: 16369 | C13: 36365 | D13: 4036 | E13: 2526 | F13: 3706 | G13: 5978
... A80: Yarriambiack | B80: 3612 | C80: 7088 | D80: 1025 | E80: 744 | F80: 643 | G80: 1189
A81: =Lists!E5 -> > Victoria | B81: =SUM(B2:B80) -> 2281091 | C81: =SUM(C2:C80) -> 5344927 | D81: =SUM(D2:D80) -> 419152 | E81: =SUM(E2:E80) -> 256975 | F81: =SUM(F2:F80) -> 406341 | G81: =SUM(G2:G80) -> 605923
A82: =Lists!E15 -> \\ Selected LGAs | B82: {=SUM(IF(SelectedRegionsList<>"",B$2:B$80,0))} -> 0 | C82: {=SUM(IF(SelectedRegionsList<>"",C$2:C$80,0))} -> 0 | D82: {=SUM(IF(SelectedRegionsList<>"",D$2:D$80,0))} -> 0 | E82: {=SUM(IF(SelectedRegionsList<>"",E$2:E$80,0))} -> 0 | F82: {=SUM(IF(SelectedRegionsList<>"",F$2:F$80,0))} -> 0 | G82: {=SUM(IF(SelectedRegionsList<>"",G$2:G$80,0))} -> 0
A83: Central Victoria Greenhouse Alliance | B83: =B3+B4+B12+B16+B22+B26+B30+B39+B40+B55+B59+B61+B68 -> 161105 | C83: =C3+C4+C12+C16+C22+C26+C30+C39+C40+C55+C59+C61+C68 -> 354787 | D83: =D3+D4+D12+D16+D22+D26+D30+D39+D40+D55+D59+D61+D68 -> 37593 | E83: =E3+E4+E12+E16+E22+E26+E30+E39+E40+E55+E59+E61+E68 -> 23567 | F83: =F3+F4+F12+F16+F22+F26+F30+F39+F40+F55+F59+F61+F68 -> 36065 | G83: =G3+G4+G12+G16+G22+G26+G30+G39+G40+G55+G59+G61+G68 -> 50569
A84: Eastern Alliance for Greenhouse Action | B84: =B10+B37+B44+B50+B65+B74+B79 -> 394151 | C84: =C10+C37+C44+C50+C65+C74+C79 -> 970623 | D84: =D10+D37+D44+D50+D65+D74+D79 -> 63651 | E84: =E10+E37+E44+E50+E65+E74+E79 -> 40538 | F84: =F10+F37+F44+F50+F65+F74+F79 -> 64338 | G84: =G10+G37+G44+G50+G65+G74+G79 -> 99979
A85: Gippsland Climate Change Network | B85: =B6+B7+B20+B38+B63+B72 -> 134253 | C85: =C6+C7+C20+C38+C63+C72 -> 255718 | D85: =D6+D7+D20+D38+D63+D72 -> 28885 | E85: =E6+E7+E20+E38+E63+E72 -> 18439 | F85: =F6+F7+F20+F38+F63+F72 -> 23914 | G85: =G6+G7+G20+G38+G63+G72 -> 40907
A86: Goulburn Broken Greenhouse Alliance | B86: =B9+B13+B29+B42+B48+B49+B57+B66 -> 93191 | C86: =C9+C13+C29+C42+C48+C49+C57+C66 -> 203659 | D86: =D9+D13+D29+D42+D48+D49+D57+D66 -> 20861 | E86: =E9+E13+E29+E42+E48+E49+E57+E66 -> 12994 | F86: =F9+F13+F29+F42+F48+F49+F57+F66 -> 17388 | G86: =G9+G13+G29+G42+G48+G49+G57+G66 -> 30222
A87: North East Greenhouse Alliance | B87: =B2+B9+B35+B49+B69+B70+B76 -> 63614 | C87: =C2+C9+C35+C49+C69+C70+C76 -> 137055 | D87: =D2+D9+D35+D49+D69+D70+D76 -> 14827 | E87: =E2+E9+E35+E49+E69+E70+E76 -> 8986 | F87: =F2+F9+F35+F49+F69+F70+F76 -> 11328 | G87: =G2+G9+G35+G49+G69+G70+G76 -> 21268
A88: Northern Alliance for Greenhouse Action | B88: =B5+B19+B34+B41+B45+B53+B58+B75+B79 -> 456432 | C88: =C5+C19+C34+C41+C45+C53+C58+C75+C79 -> 1134271 | D88: =D5+D19+D34+D41+D45+D53+D58+D75+D79 -> 80810 | E88: =E5+E19+E34+E41+E45+E53+E58+E75+E79 -> 49307 | F88: =F5+F19+F34+F41+F45+F53+F58+F75+F79 -> 79842 | G88: =G5+G19+G34+G41+G45+G53+G58+G75+G79 -> 117111
A89: South East Councils Climate Change Alliance | B89: =B6+B7+B8+B14+B15+B27+B36+B54 -> 389955 | C89: =C6+C7+C8+C14+C15+C27+C36+C54 -> 913488 | D89: =D6+D7+D8+D14+D15+D27+D36+D54 -> 66106 | E89: =E6+E7+E8+E14+E15+E27+E36+E54 -> 42865 | F89: =F6+F7+F8+F14+F15+F27+F36+F54 -> 71973 | G89: =G6+G7+G8+G14+G15+G27+G36+G54 -> 108021
A90: Western Alliance for Greenhouse Action | B90: =B11+B28+B32+B43+B46+B51+B52+B77 -> 383315 | C90: =C11+C28+C32+C43+C46+C51+C52+C77 -> 955509 | D90: =D11+D28+D32+D43+D46+D51+D52+D77 -> 70067 | E90: =E11+E28+E32+E43+E46+E51+E52+E77 -> 42970 | F90: =F11+F28+F32+F43+F46+F51+F52+F77 -> 66188 | G90: =G11+G28+G32+G43+G46+G51+G52+G77 -> 100882
A91: =Lists!E6 -> \\ Selected Alliances | B91: {=SUM(IF(SelectedAllianceList<>"",B$83:B$90,0))} -> 0 | C91: {=SUM(IF(SelectedAllianceList<>"",C$83:C$90,0))} -> 0 | D91: {=SUM(IF(SelectedAllianceList<>"",D$83:D$90,0))} -> 0 | E91: {=SUM(IF(SelectedAllianceList<>"",E$83:E$90,0))} -> 0 | F91: {=SUM(IF(SelectedAllianceList<>"",F$83:F$90,0))} -> 0 | G91: {=SUM(IF(SelectedAllianceList<>"",G$83:G$90,0))} -> 0

Sheet Lists
A2: LISTS AND MAPPING
B4: demoMap | E4: Region | G4: SelectedRegionsList | I4: Selected regions label | K4: SelectedAllianceList | N4: Selected regions label
B5: Single occupant / Couple w/o children | C5: SingleCouple | E5: > Victoria | G5: =IF(MarketModel!B28="x",MarketModel!C28&", ", "") | I5: =IF(MarketModel!$Q$6<>Lists!E15,"", LEFT(CONCATENATE(Lists!G5,Lists!G6,Lists!G7,Lists!G8,Lists!G9,Lists!G10,Lists!G11,Lists!G12,Lists!G13,Lists!G14,Lists!G15,Lists!G16,Lists!G17,Lists!G18,Lists!G19,Lists!G20,Lists!G21,Lists!G22,Lists!G23,Lists!G24,Lists!G25,Lists!G26,Lists!G27,Lists!G28,Lists!G29,Lists!G30,Lists!G31,Lists!G32,Lists!G33,Lists!G34,Lists!G35,Lists!G36,Lists!G37,Lists!G38,Lists!G39,Lists!G40,Lists!G41,Lists!G42,Lists!G43,Lists!G44,Lists!G45,Lists!G46,Lists!G47,Lists!G48,Lists!G49,Lists!G50,Lists!G51,Lists!G52,Lists!G53,Lists!G54,Lists!G55,Lists!G56,Lists!G57,Lists!G58,Lists!G59,Lists!G60,Lists!G61,Lists!G62,Lists!G63,Lists!G64,Lists!G65,Lists!G65,Lists!G67,Lists!G68,Lists!G69,Lists!G70,Lists!G71,Lists!G72,Lists!G73,Lists!G74,Lists!G75,Lists!G76,Lists!G77,Lists!G78,Lists!G79,Lists!G80,Lists!G81,Lists!G82,Lists!G83), LEN(CONCATENATE(Lists!G5,Lists!G6,Lists!G7,Lists!G8,Lists!G9,Lists!G10,Lists!G11,Lists!G12,Lists!G13,Lists!G14,Lists!G15,Lists!G16,Lists!G17,Lists!G18,Lists!G19,Lists!G20,Lists!G21,Lists!G22,Lists!G23,Lists!G24,Lists!G25,Lists!G26,Lists!G27,Lists!G28,Lists!G29,Lists!G30,Lists!G31,Lists!G32,Lists!G33,Lists!G34,Lists!G35,Lists!G36,Lists!G37,Lists!G38,Lists!G39,Lists!G40,Lists!G41,Lists!G42,Lists!G43,Lists!G44,Lists!G45,Lists!G46,Lists!G47,Lists!G48,Lists!G49,Lists!G50,Lists!G51,Lists!G52,Lists!G53,Lists!G54,Lists!G55,Lists!G56,Lists!G57,Lists!G58,Lists!G59,Lists!G60,Lists!G61,Lists!G62,Lists!G63,Lists!G64,Lists!G65,Lists!G65,Lists!G67,Lists!G68,Lists!G69,Lists!G70,Lists!G71,Lists!G72,Lists!G73,Lists!G74,Lists!G75,Lists!G76,Lists!G77,Lists!G78,Lists!G79,Lists!G80,Lists!G81,Lists!G82,Lists!G83))-2)) | K5: =IF(MarketModel!B26="x",E7&", ","") | N5: =IF(MarketModel!$Q$6<>Lists!E6,"", LEFT(CONCATENATE(Lists!K5,Lists!K6,Lists!K7,Lists!K8,Lists!K9,Lists!K10,Lists!K11,Lists!K12), LEN(CONCATENATE(Lists!K5,Lists!K6,Lists!K7,Lists!K8,Lists!K9,Lists!K10,Lists!K11,Lists!K12))-2))
B6: Family type 1 (Couple with children) | C6: FamilyType1 | E6: \\ Selected Alliances | G6: =IF(MarketModel!B29="x",MarketModel!C29&", ","") | K6: =IF(MarketModel!G$26="x",E8&", ","")
B7: Family type 2 (1-2 working occupants) | C7: FamilyType2 | E7: =demographicData!A83 -> Central Victoria Greenhouse Alliance | G7: =IF(MarketModel!B30="x",MarketModel!C30&", ","") | K7: =IF(MarketModel!K$26="x",E9&", ","")
B8: Retirees (1-2 occupants) | C8: Retirees | E8: =demographicData!A84 -> Eastern Alliance for Greenhouse Action | G8: =IF(MarketModel!B31="x",MarketModel!C31&", ","") | K8: =IF(MarketModel!Q$26="x",E10&", ","")
E9: =demographicData!A85 -> Gippsland Climate Change Network | G9: =IF(MarketModel!B32="x",MarketModel!C32&", ","") | K9: =IF(MarketModel!T$26="x",E11&", ","")
B10: systemMap | E10: =demographicData!A86 -> Goulburn Broken Greenhouse Alliance | G10: =IF(MarketModel!B33="x",MarketModel!C33&", ","") | K10: =IF(MarketModel!X$26="x",E12&", ","")
B11: 2 | C11: 2.0 kW | E11: =demographicData!A87 -> North East Greenhouse Alliance | G11: =IF(MarketModel!B34="x",MarketModel!C34&", ","") | K11: =IF(MarketModel!AB$26="x",E13&", ","")
B12: 3 | C12: 3.0 kW | E12: =demographicData!A88 -> Northern Alliance for Greenhouse Action | G12: =IF(MarketModel!B35="x",MarketModel!C35&", ","") | K12: =IF(MarketModel!AD$26="x",E14&", ","")
B13: 4 | C13: 4.0 kW | E13: =demographicData!A89 -> South East Councils Climate Change Alliance | G13: =IF(MarketModel!B36="x",MarketModel!C36&", ","")
B14: 5 | C14: 5.0 kW | E14: =demographicData!A90 -> Western Alliance for Greenhouse Action | G14: =IF(MarketModel!B37="x",MarketModel!C37&", ","")
E15: \\ Selected LGAs | G15: =IF(MarketModel!B38="x",MarketModel!C38&", ","")
B16: consumptionMap | E16: Alpine | G16: =IF(MarketModel!B39="x",MarketModel!C39&", ","")
B17: 5 | C17: 5 kWh | E17: Ararat | G17: =IF(MarketModel!B40="x",MarketModel!C40&", ","")
B18: 10 | C18: 10 kWh | E18: Ballarat | G18: =IF(MarketModel!B41="x",MarketModel!C41&", ","")
B19: 15 | C19: 15 kWh | E19: Banyule | G19: =IF(MarketModel!I28="x",MarketModel!J28&", ","")
E20: Bass Coast | G20: =IF(MarketModel!I29="x",MarketModel!J29&", ","")
E21: Baw Baw | G21: =IF(MarketModel!I30="x",MarketModel!J30&", ","")
E22: Bayside | G22: =IF(MarketModel!I31="x",MarketModel!J31&", ","")
E23: Benalla | G23: =IF(MarketModel!I32="x",MarketModel!J32&", ","")
E24: Boroondara | G24: =IF(MarketModel!I33="x",MarketModel!J33&", ","")
E25: Brimbank | G25: =IF(MarketModel!I34="x",MarketModel!J34&", ","")
E26: Buloke | G26: =IF(MarketModel!I35="x",MarketModel!J35&", ","")
E27: Campaspe | G27: =IF(MarketModel!I36="x",MarketModel!J36&", ","")
E28: Cardinia | G28: =IF(MarketModel!I37="x",MarketModel!J37&", ","")
E29: Casey | G29: =IF(MarketModel!I38="x",MarketModel!J38&", ","")
E30: Central Goldfields | G30: =IF(MarketModel!I39="x",MarketModel!J39&", ","")
E31: Colac-Otway | G31: =IF(MarketModel!I40="x",MarketModel!J40&", ","")
E32: Corangamite | G32: =IF(MarketModel!O28="x",MarketModel!P28&", ","")
E33: Darebin | G33: =IF(MarketModel!O29="x",MarketModel!P29&", ","")
E34: East Gippsland | G34: =IF(MarketModel!O30="x",MarketModel!P30&", ","")
E35: Frankston | G35: =IF(MarketModel!O31="x",MarketModel!P31&", ","")
E36: Gannawarra | G36: =IF(MarketModel!O32="x",MarketModel!P32&", ","")
E37: Glen Eira | G37: =IF(MarketModel!O33="x",MarketModel!P33&", ","")
E38: Glenelg | G38: =IF(MarketModel!O34="x",MarketModel!P34&", ","")
E39: Golden Plains | G39: =IF(MarketModel!O35="x",MarketModel!P35&", ","")
E40: Greater Bendigo | G40: =IF(MarketModel!O36="x",MarketModel!P36&", ","")
E41: Greater Dandenong | G41: =IF(MarketModel!O37="x",MarketModel!P37&", ","")
E42: Greater Geelong | G42: =IF(MarketModel!O38="x",MarketModel!P38&", ","")
E43: Greater Shepparton | G43: =IF(MarketModel!O39="x",MarketModel!P39&", ","")
E44: Hepburn | G44: =IF(MarketModel!O40="x",MarketModel!P40&", ","")
E45: Hindmarsh | G45: =IF(MarketModel!T28="x",MarketModel!U28&", ","")
E46: Hobsons Bay | G46: =IF(MarketModel!T29="x",MarketModel!U29&", ","")
E47: Horsham | G47: =IF(MarketModel!T30="x",MarketModel!U30&", ","")
E48: Hume | G48: =IF(MarketModel!T31="x",MarketModel!U31&", ","")
E49: Indigo | G49: =IF(MarketModel!T32="x",MarketModel!U32&", ","")
E50: Kingston | G50: =IF(MarketModel!T33="x",MarketModel!U33&", ","")
E51: Knox | G51: =IF(MarketModel!T34="x",MarketModel!U34&", ","")
E52: Latrobe | G52: =IF(MarketModel!T35="x",MarketModel!U35&", ","")
E53: Loddon | G53: =IF(MarketModel!T36="x",MarketModel!U36&", ","")
E54: Macedon Ranges | G54: =IF(MarketModel!T37="x",MarketModel!U37&", ","")
E55: Manningham | G55: =IF(MarketModel!T38="x",MarketModel!U38&", ","")
E56: Mansfield | G56: =IF(MarketModel!T39="x",MarketModel!U39&", ","")
E57: Maribyrnong | G57: =IF(MarketModel!T40="x",MarketModel!U40&", ","")
E58: Maroondah | G58: =IF(MarketModel!Z28="x",MarketModel!AA28&", ","")
E59: Melbourne | G59: =IF(MarketModel!Z29="x",MarketModel!AA29&", ","")
E60: Melton | G60: =IF(MarketModel!Z30="x",MarketModel!AA30&", ","")
E61: Mildura | G61: =IF(MarketModel!Z31="x",MarketModel!AA31&", ","")
E62: Mitchell | G62: =IF(MarketModel!Z32="x",MarketModel!AA32&", ","")
E63: Moira | G63: =IF(MarketModel!Z33="x",MarketModel!AA33&", ","")
E64: Monash | G64: =IF(MarketModel!Z34="x",MarketModel!AA34&", ","")
E65: Moonee Valley | G65: =IF(MarketModel!Z35="x",MarketModel!AA35&", ","")
E66: Moorabool | G66: =IF(MarketModel!Z36="x",MarketModel!AA36&", ","")
E67: Moreland | G67: =IF(MarketModel!Z37="x",MarketModel!AA37&", ","")
E68: Mornington Peninsula | G68: =IF(MarketModel!Z38="x",MarketModel!AA38&", ","")
E69: Mount Alexander | G69: =IF(MarketModel!Z39="x",MarketModel!AA39&", ","")
E70: Moyne | G70: =IF(MarketModel!Z40="x",MarketModel!AA40&", ","")
E71: Murrindindi | G71: =IF(MarketModel!AD28="x",MarketModel!AE28&", ","")
E72: Nillumbik | G72: =IF(MarketModel!AD29="x",MarketModel!AE29&", ","")
E73: Northern Grampians | G73: =IF(MarketModel!AD30="x",MarketModel!AE30&", ","")
E74: Port Phillip | G74: =IF(MarketModel!AD31="x",MarketModel!AE31&", ","")
E75: Pyrenees | G75: =IF(MarketModel!AD32="x",MarketModel!AE32&", ","")
E76: Queenscliffe | G76: =IF(MarketModel!AD33="x",MarketModel!AE33&", ","")
E77: South Gippsland | G77: =IF(MarketModel!AD34="x",MarketModel!AE34&", ","")
E78: Southern Grampians | G78: =IF(MarketModel!AD35="x",MarketModel!AE35&", ","")
E79: Stonnington | G79: =IF(MarketModel!AD36="x",MarketModel!AE36&", ","")
E80: Strathbogie | G80: =IF(MarketModel!AD37="x",MarketModel!AE37&", ","")
E81: Surf Coast | G81: =IF(MarketModel!AD38="x",MarketModel!AE38&", ","")
E82: Swan Hill | G82: =IF(MarketModel!AD39="x",MarketModel!AE39&", ","")
E83: Towong | G83: =IF(MarketModel!AD40="x",MarketModel!AE40&", ","")
E84: Wangaratta
E85: Warrnambool
E86: Wellington
E87: West Wimmera
E88: Whitehorse
E89: Whittlesea
E90: Wodonga
E91: Wyndham
E92: Yarra
E93: Yarra Ranges
E94: Yarriambiack
